 Dungeon Crawl Stone Soup version 0.24.0-41-g2ae2f7f1be (webtiles) character file.

Game seed: 1064933946184300144, levelgen mode: deterministic

1246437 grindst0ne the Dwarf of Death (level 27, -2/273 HPs)
             Began as a Deep Dwarf Monk on Dec 14, 2019.
             Was the Champion of Makhleb.
             Killed from afar by Cerebov (84 damage)
             ... with an iron shot
             ... in Pandemonium on Dec 15, 2019.
             The game lasted 06:27:20 (79933 turns).

grindst0ne the Dwarf of Death (Deep Dwarf Monk)    Turns: 79933, Time: 06:27:21

Health: -2/273     AC: 55    Str: 42    XL:     27
Magic:  18/21 (11) EV: 26    Int: 26    God:    Makhleb [******]
Gold:   6422       SH: 42    Dex: 18    Spells: 1/58 levels left

rFire    + . .     SeeInvis .   n - +9 broad axe (freeze)
rCold    + + +     Gourm    .   v - +8 large shield
rNeg     + + +     Faith    .   q - +8 orange crystal plate armour {Archmagi, Int+3 Clar}
rPois    ∞         Spirit   .   u - +3 hat of Pondering {ponderous, MR+ MP+10 Int+5}
rElec    +         Reflect  +   d - scarf {rC+ rF+}
rCorr    .         Harm     .   f - +0 pair of gloves "Xosin" {rF+ Str+6 Dex+3}
MR       +++++     Clarity  +   P - +2 pair of boots of Tomyapt {rPois Str+3}
Stlth    ..........             U - amulet of the Scarab {Reflect rElec rPois Slay+2 SH+4}
HPRegen  0.00/turn              s - ring of Pyulergh {Wiz *Slow rPois Str+6}
MPRegen  0.17/turn              Z - ring of Rokaopel {rPois rC++ Str+4}

@: lich-form, fire vulnerable, non-regenerating, studying 2 skills, slow
A: damage resistance, heal wounds, claws 1, icy blue scales 1, clever 1,
negative energy resistance 1, sense surroundings 3, no regeneration
}: 12/15 runes: decaying, slimy, silver, iron, obsidian, icy, bone, abyssal,
demonic, glowing, dark, gossamer
a: Heal Wounds, End Transformation, Minor Destruction, Lesser Servant of
Makhleb, Major Destruction, Greater Servant of Makhleb, Renounce Religion


You were in Pandemonium.
You worshipped Makhleb.
Makhleb was exalted by your worship.
You were not hungry.
You were a lich.
You visited 17 branches of the dungeon, and saw 87 of its levels.
You visited Pandemonium 2 times, and saw 13 of its levels.
You visited the Abyss 1 time.
You visited 1 bazaar.
You visited 1 ziggurat, and saw 19 of its levels.
You also visited: Trove, Bailey and Ice Cave.

You collected 12246 gold pieces.
You spent 5824 gold pieces at shops.

Inventory:

Hand Weapons
 n - a +9 broad axe of freezing (weapon)
 X - the +7 broad axe "Wiclopu" {antimagic, Dex+4 SInv}
   (You found it on level 1 of the Abyss)

   It reduces the magical energy of the wielder, and disrupts the spells and
   magical abilities of those hit.
   Natural abilities and divine invocations are not affected.
   It affects your dexterity (+4).
   It lets you see invisible.
Armour
 d - a scarf of resistance (worn)
 f - the +0 pair of gloves "Xosin" (worn) {rF+ Str+6 Dex+3}
   (You found it on level 7 of Gehenna)

   It affects your strength (+6).
   It affects your dexterity (+3).
   It protects you from fire.
 q - the +8 orange crystal plate armour (worn) {Archmagi, Int+3 Clar}
   (You found it on level 4 of the Dungeon)

   It affects your intelligence (+3).
   It protects you against confusion.
 u - the +3 hat of Pondering (worn) {ponderous, MR+ MP+10 Int+5}
   (You took it off Gastronok on level 9 of the Dungeon)

   It affects your intelligence (+5).
   It affects your resistance to hostile enchantments.
   It affects your magic capacity (+10).
 v - a +8 large shield (worn)
 P - the +2 pair of boots of Tomyapt (worn) {rPois Str+3}
   (You found it on level 7 of Cocytus)

   It affects your strength (+3).
   It protects you from poison.
 R - a +2 pair of gloves of strength
Jewellery
 s - the ring of Pyulergh (left hand) {Wiz *Slow rPois Str+6}
   (You took it off an orc high priest on level 5 of the Depths)

   [ring of wizardry]

   It improves your spell success rate.
   It affects your strength (+6).
   It protects you from poison.
   It may slow you when you take damage.
 K - the ring "Isauh" {rF+ rCorr}
   (You found it in Pandemonium)

   [ring of resist corrosion]

   It protects you from fire.
   It provides partial protection from all sources of acid and corrosion.
 O - the ring "Sidehidy" {rC+ MP+9}
   (You found it on level 7 of Cocytus)

   [ring of magical power]

   It protects you from cold.
   It affects your magic capacity (+9).
 Q - the ring "Ucoob" {*Drain rPois AC+4 Str+10 Dex-5}
   (You took it off a deep elf death mage on level 3 of the Elven Halls)

   [ring of protection]

   It affects your AC (+4).
   It affects your strength (+10).
   It affects your dexterity (-5).
   It protects you from poison.
   It causes draining when unequipped.
 S - the ring of the Everdark {rF++ Dex+4}
   (You acquired it on level 7 of a ziggurat)

   [ring of dexterity]

   It affects your dexterity (+4).
   It greatly protects you from fire.
 U - the amulet of the Scarab (around neck) {Reflect rElec rPois Slay+2 SH+4}
   (You bought it in a shop on level 1 of the Vaults)

   [amulet of reflection]

   It shields you and reflects attacks.
   It affects your accuracy and damage with ranged weapons and melee attacks
   (+2).
   It insulates you from electricity.
   It protects you from poison.
   It affects your SH (+4).
 Z - the ring of Rokaopel (right hand) {rPois rC++ Str+4}
   (You acquired it on level 19 of a ziggurat)

   [ring of strength]

   It affects your strength (+4).
   It greatly protects you from cold.
   It protects you from poison.
Wands
 b - a wand of acid (29)
 t - a wand of digging (14)
 C - a wand of iceblast (23)
 W - a wand of clouds (3)
Scrolls
 k - 2 scrolls of enchant armour
 m - 30 scrolls of teleportation
 o - 11 scrolls of fear
 p - 33 scrolls of remove curse
 r - 3 scrolls of summoning
 x - 7 scrolls of silence
 y - 13 scrolls of amnesia
 A - 4 scrolls of magic mapping
 H - 6 scrolls of blinking
 V - a scroll of enchant weapon
 Y - 8 scrolls of fog
Potions
 a - 3 potions of brilliance
 e - 9 potions of flight
 h - 2 potions of heal wounds
 l - 2 potions of curing
 w - 5 potions of ambrosia
 z - 5 potions of resistance
 E - a potion of cancellation
 F - a potion of might
 G - 10 potions of magic
 I - 4 potions of mutation
 L - 3 potions of agility
 M - 3 potions of haste
Books
 i - a manual of Spellcasting
 j - a manual of Summonings
Miscellaneous
 g - a phial of floods
 B - a lightning rod (4/4)
 D - a lamp of fire
 J - 6 boxes of beasts
 N - 9 sacks of spiders
 T - 7 phantom mirrors
Comestibles
 c - 50 rations


   Skills:
 - Level 21.0 Fighting
   Level 9.3 Long Blades
 + Level 26.7 Axes
 + Level 25.1 Armour
 + Level 24.9 Dodging
 - Level 2.4 Stealth
 - Level 25.0 Shields
 - Level 16.0 Spellcasting
 O Level 27 Necromancy
 - Level 25.3 Transmutations
 - Level 14.9 Invocations
 - Level 7.3 Evocations


You had one spell level left.
You knew the following spells:

 Your Spells              Type           Power        Failure   Level  Hunger
a - Necromutation         Tmut/Necr      #########.   1%          8    N/A
b - Blink                 Tloc           N/A          6%          2    N/A
c - Aura of Abjuration    Summ           ####......   67%         5    N/A
d - Borgnjor's Revivific  Necr           #########.   1%          8    N/A
e - Death Channel         Necr           #########.   0%          6    N/A
f - Borgnjor's Vile Clut  Necr/Erth      ########..   1%          5    N/A
g - Passage of Golubria   Tloc           N/A          34%         4    N/A
h - Infestation           Necr           #########.   1%          8    N/A
i - Controlled Blink      Tloc           N/A          100%        8    N/A
j - Lesser Beckoning      Tloc           ####......   12%         3    N/A

Your spell library contained the following spells:

 Spells                   Type           Power        Failure   Level  Hunger
 Animate Skeleton         Necr           N/A          0%          1    N/A
 Beastly Appendage        Tmut           ######       0%          1    N/A
 Pain                     Necr           ####         0%          1    N/A
 Apportation              Tloc           ####..       4%          1    N/A
 Confusing Touch          Hex            ####..       4%          1    N/A
 Corona                   Hex            ####...      4%          1    N/A
 Flame Tongue             Conj/Fire      ####.        4%          1    N/A
 Freeze                   Ice            ####         4%          1    N/A
 Magic Dart               Conj           ####         4%          1    N/A
 Sandblast                Erth           ####..       4%          1    N/A
 Shock                    Conj/Air       ####         4%          1    N/A
 Sting                    Conj/Pois      ####         4%          1    N/A
 Summon Butterflies       Summ           ####....     4%          1    N/A
 Summon Small Mammal      Summ           ####         4%          1    N/A
 Corpse Rot               Necr           N/A          0%          2    N/A
 Sticks to Snakes         Tmut           ########     0%          2    N/A
 Sublimation of Blood     Necr           #########.   0%          2    N/A
 Vampiric Draining        Necr           #########.   0%          3    N/A
 Animate Dead             Necr           N/A          0%          4    N/A
 Agony                    Necr           ########     0%          5    N/A
 Blade Hands              Tmut           ########..   0%          5    N/A
 Dispel Undead            Necr           ########     0%          5    N/A
 Passwall                 Tmut/Erth      #######.     1%          2    N/A
 Ignite Poison            Fire/Tmut/Pois #######.     1%          3    N/A
 Spider Form              Tmut/Pois      #######...   1%          3    N/A
 Ice Form                 Ice/Tmut       #######.     1%          4    N/A
 Petrify                  Tmut/Erth      #######.     1%          4    N/A
 Alistair's Intoxication  Tmut/Pois      #######.     1%          5    N/A
 Bolt of Draining         Conj/Necr      ########..   1%          5    N/A
 Excruciating Wounds      Chrm/Necr      ########..   1%          5    N/A
 Irradiate                Conj/Tmut      #######...   1%          5    N/A
 Yara's Violent Unravell  Hex/Tmut       #######...   1%          5    N/A
 Hydra Form               Tmut           ########..   1%          6    N/A
 Dragon Form              Tmut           ########..   1%          7    N/A
 Simulacrum               Ice/Necr       ########..   2%          6    N/A
 Statue Form              Tmut/Erth      #######..    3%          6    N/A
 Call Imp                 Summ           ####....     6%          2    N/A
 Ensorcelled Hibernation  Hex/Ice        ####..       6%          2    N/A
 Poisonous Vapours        Pois/Air       ####..       6%          2    N/A
 Searing Ray              Conj           ####..       6%          2    N/A
 Shroud of Golubria       Chrm/Tloc      ####..       6%          2    N/A
 Slow                     Hex            ####....     6%          2    N/A
 Swiftness                Chrm/Air       ####....     6%          2    N/A
 Throw Flame              Conj/Fire      ####..       6%          2    N/A
 Call Canine Familiar     Summ           ####....     12%         3    N/A
 Confuse                  Hex            ####....     12%         3    N/A
 Conjure Flame            Conj/Fire      ####....     12%         3    N/A
 Dazzling Spray           Conj/Hex       ####..       12%         3    N/A
 Gell's Gravitas          Tloc           ####......   12%         3    N/A
 Inner Flame              Hex/Fire       ####....     12%         3    N/A
 Mephitic Cloud           Conj/Pois/Air  ####....     12%         3    N/A
 Ozocubu's Armour         Chrm/Ice       ####....     12%         3    N/A
 Portal Projectile        Hex/Tloc       ####..       12%         3    N/A
 Recall                   Summ/Tloc      N/A          12%         3    N/A
 Spectral Weapon          Hex/Chrm       ####....     12%         3    N/A
 Static Discharge         Conj/Air       ####....     12%         3    N/A
 Stone Arrow              Conj/Erth      ####..       12%         3    N/A
 Summon Guardian Golem    Hex/Summ       ####....     12%         3    N/A
 Teleport Other           Tloc           ####....     12%         3    N/A
 Tukima's Dance           Hex            ####....     12%         3    N/A
 Haunt                    Necr/Summ      ########..   12%         7    N/A
 Airstrike                Air            ####......   34%         4    N/A
 Cause Fear               Hex            ####......   34%         4    N/A
 Force Lance              Conj/Tloc      ####....     34%         4    N/A
 Fulminant Prism          Conj/Hex       ####......   34%         4    N/A
 Iskenderun's Mystic Bla  Conj           ####....     34%         4    N/A
 Leda's Liquefaction      Hex/Erth       ####......   34%         4    N/A
 Olgreb's Toxic Radiance  Pois           ####....     34%         4    N/A
 Sticky Flame             Conj/Fire      ####....     34%         4    N/A
 Summon Ice Beast         Ice/Summ       ####....     34%         4    N/A
 Summon Lightning Spire   Summ/Air       ####....     34%         4    N/A
 Throw Icicle             Conj/Ice       ####....     34%         4    N/A
 Death's Door             Chrm/Necr      ########..   65%         8    N/A
 Bolt of Magma            Conj/Fire/Erth ####......   67%         5    N/A
 Fireball                 Conj/Fire      ####......   67%         5    N/A
 Iskenderun's Battlesphe  Conj/Chrm      ####....     67%         5    N/A
 Lee's Rapid Deconstruct  Erth           ####......   67%         5    N/A
 Lightning Bolt           Conj/Air       ####......   67%         5    N/A
 Metabolic Englaciation   Hex/Ice        ####......   67%         5    N/A
 Silence                  Hex/Air        ####......   67%         5    N/A
 Summon Demon             Summ           ####......   67%         5    N/A
 Summon Forest            Summ/Tloc      ####......   67%         5    N/A
 Summon Mana Viper        Hex/Summ       ####....     67%         5    N/A
 Venom Bolt               Conj/Pois      ####......   67%         5    N/A
 Bolt of Cold             Conj/Ice       ####......   99%         6    N/A
 Bolt of Fire             Conj/Fire      ####......   99%         6    N/A
 Conjure Ball Lightning   Conj/Air       ####......   99%         6    N/A
 Darkness                 Hex            ####......   99%         6    N/A
 Deflect Missiles         Chrm/Air       ####......   99%         6    N/A
 Freezing Cloud           Conj/Ice/Air   ####......   99%         6    N/A
 Iron Shot                Conj/Erth      ####......   99%         6    N/A
 Ozocubu's Refrigeration  Ice            ####......   99%         6    N/A
 Shadow Creatures         Summ           N/A          99%         6    N/A
 Malign Gateway           Summ/Tloc      ####......   100%        7    N/A
 Ring of Flames           Chrm/Fire      ####......   100%        7    N/A
 Summon Hydra             Summ           ####......   100%        7    N/A
 Discord                  Hex            ####......   100%        8    N/A
 Disjunction              Tloc           ####......   100%        8    N/A
 Ignition                 Fire           ####......   100%        8    N/A
 Dragon's Call            Summ           ####......   100%        9    N/A
 Shatter                  Erth           ####......   100%        9    N/A
 Tornado                  Air            ####......   100%        9    N/A
 Regeneration             Chrm/Necr      Unusable     N/A         3    N/A

Dungeon Overview and Level Annotations

Branches:
Dungeon (15/15)            Temple (1/1) D:4            Lair (6/6) D:10
  Swamp (4/4) Lair:3       Spider (4/4) Lair:2        Slime (5/5) Lair:6
    Orc (2/2) D:9             Elf (3/3) Orc:2        Vaults (5/5) D:13
  Crypt (3/3) Vaults:2       Tomb (0/3) Crypt:3      Depths (5/5) D:15
   Hell (visited)             Dis (7/7) Hell            Geh (7/7) Hell
    Coc (7/7) Hell            Tar (7/7) Hell            Zot (5/5) Depths:5
 Bailey (visited)           IceCv (visited)

Altars:
Ashenzari
Cheibriados
Dithmenos
Elyvilon
Fedhas
Gozag
Hepliaklqana
Kikubaaqudgha
Makhleb
Nemelex Xobeh
Okawaru
Qazlal
Ru
Sif Muna
Trog
Uskayaw
Vehumet
Wu Jian
Xom
Yredelemnul
Zin
The Shining One
Beogh
Jiyva

Shops:
D:12 =   D:13 *   Orc:2 *?[[   Elf:1 *   Elf:2 [[[   Elf:3 (   Vaults:1 =
Depths:2 }}=*

Portals:
Hell: Depths:1 Depths:2 Depths:3 Depths:4 Depths:5
Abyss: Depths:4
Pandemonium: Depths:2 Depths:3

Annotations:
D:3 exclusion: downstairs
D:11 1 runed translucent door
D:13 exclusion: downstairs
Swamp:3 exclusion: downstairs
Spider:2 exclusion: downstairs
Pan Cerebov


Innate Abilities, Weirdness & Mutations

You are resistant to damage.
You can heal yourself by infusing magical energy.
You resist negative energy. (rN+)
You passively map a large area around you.
You do not regenerate.
You have sharp fingernails.
You are partially covered in icy blue scales. (AC +2)
Your mind is acute. (Int +2)


Message History

The great blast of fire engulfs Cerebov!!
Cerebov partially resists.
A fire vortex comes into view.
Unknown command.
You feel much better.
You are engulfed in blazing flames.
You resist.
Cerebov shouts, "Out, out whilst thou are able!"
Cerebov hits you with the +6 sword of Cerebov {flame}!!
* * * LOW HITPOINT WARNING * * *
Cerebov burns you.
The sword of Cerebov burns away your fire resistance.
A fire vortex comes into view.
You feel much better. You block the fire vortex's attack.
You block Cerebov's attack. The fire vortex closely misses you.
You hit Cerebov. You freeze Cerebov.
Cerebov is almost dead.
You slash the fire vortex! You freeze the fire vortex.
You slash the fire vortex! You freeze the fire vortex. Cerebov gestures at you.
The iron shot hits you!!!!
You die...

,**,,,,,,,,,*#.*,,,*..#
,**,,,,,,,,,*#.+,,,#..#
***,,,,,,,,,*#.*,,,#..#
***,,,,,,,***#.#####..#
**,,**,,,.####.4.#.v..#***##*
**,**,,,,..'.....v..v.##,...*****
*,,*,,,,,.v'...).vv....#....,,,,,
**,**,,,,..'...v.v).v....(..*****
**,,**,,,.####.&L#°...####.****
***,,,,,,,***#.#####..# *,,,,*
***,,,,,,,,,*#○*,,,#..# *,,,,***
,**,,,,,,,,,*#,',,,#..# *,,,,,,,
,**,,,,,,,,,**,*,,,#..# *,,,,,**
,****,********,*####..####.,,,,,,
,****,********,,#...........,,***
,,,,***,,,,,,,,##.....###...,,* *
+**,***,**+**,##............,,***


You could see Cerebov, an orange demon and 9 fire vortices.

Vanquished Creatures
  Asmodeus (Geh:7)
  Gloorx Vloq (Pan)
  A seraph (Pan)
  Ereshkigal (Tar:7)
  the Serpent of Hell (Coc:7)
  Dispater (Dis:7)
  Mnoleg (Pan)
  9 orbs of fire
  Mara (Crypt:3)
  10 ancient liches
  5 juggernauts
  6 greater mummies (Zig:18)
  4 pandemonium lords (Pan)
  Margery (Depths:5)
  2 Killer Klowns (Zot:5)
  Xtahua (Depths:5)
  11 shard shrikes
  4 caustic shrikes
  Geryon (Hell)
  3 curse toes
  Jory (Crypt:3)
  11 golden dragons
  Nikola (Swamp:1)
  the Enchantress (Depths:2)
  4 profane servitors
  4 liches
  29 Brimstone Fiends
  7 doom hounds
  11 Tzitzimimeh
  14 bone dragons
  4 electric golems
  13 iron giants
  19 tentacled monstrosities
  13 Hell Sentinels
  Jorgrun (Swamp:1)
  25 Orb Guardians (Zot:5)
  10 Ice Fiends (Coc:7)
  Asterion (Depths:2)
  4 deep elf master archers
  6 titans
  34 acid blobs
  3 deep elf blademasters
  6 quicksilver dragons
  The ghost of Vuykkinei the Brawler, an adept TrBe of Trog (Spider:2)
  8 death cobs
  Frances (D:13)
  15 ancient champions
  2 eldritch tentacles (Pan)
  5 sphinxes
  12 Executioners
  10 tentacled starspawn
  Gastronok (D:9)
  9 storm dragons
  12 tengu reavers
  Kirke (Spider:1)
  14 draconian monks
  5 thorn hunters
  15 shadow dragons
  21 fire giants
  5 revenants
  Roxanne (D:14)
  9 frost giants
  A nagaraja (Zig:2)
  8 azure jellies
  A daeva (Pan)
  4 draconian knights
  Aizul (Spider:3)
  A black sun (Pan)
  An orc warlord (Orc:2)
  4 deep elf sorcerers
  15 iron dragons
  9 draconian scorchers
  7 ghost moths
  26 balrugs
  A juggernaut zombie (Zig:18)
  16 vault wardens
  12 cacodemons
  3 warmongers (Pan)
  5 emperor scorpions
  5 ghouls
  7 curse skulls
  7 draconian shifters
  7 angels
  2 draconian stormcallers
  A caustic shrike zombie (Zig:18)
  8 spriggan defenders
  4 deep elf elementalists
  28 very ugly things
  8 draconian annihilators
  62 reapers
  6 ophanim (Pan)
  5 entropy weavers
  29 stone giants
  16 vampire knights
  21 ironheart preservers
  A corrupter (Pan)
  12 war gargoyles
  An apis (Pan)
  Nessos (D:14)
  7 deep elf demonologists
  2 elemental wellsprings (Coc:7)
  6 bennus (Zig:18)
  12 black draconians
  11 yellow draconians
  A dire elephant (shapeshifter) (Vaults:5)
  8 deep elf annihilators
  7 green draconians
  16 spark wasps
  9 red draconians
  A lorocyproca (Pan)
  9 purple draconians
  14 white draconians
  23 large abominations
  5 mummy priests (Zig:18)
  16 blizzard demons
  17 eidola
  Snorg (D:14)
  3 crystal guardians
  16 yaktaur captains
  14 deep elf death magi
  6 merfolk javelineers
  The ghost of Poysoo Ijaru the Grappler, a journeyman TrFi of Uskayaw (D:10)
  15 ettins
  5 green deaths
  9 jiangshi
  9 quicksilver dragon zombies
  8 deep elf high priests
  20 fire dragons
  6 death oozes
  A kraken zombie (Hell)
  4 rakshasas
  31 ice dragons
  Harold (D:9)
  15 ogre magi
  21 hydras
  40 vault guards
  18 great orbs of eyes
  3 hell beasts
  7 quicksilver dragon skeletons
  3 shambling mangroves
  4 ghost crabs
  7 spriggan air magi
  4 monstrous demonspawn (Pan)
  14 centaur warriors
  A merfolk aquamancer (Depths:5)
  35 dancing weapons
  39 two-headed ogres
  3 satyrs
  10 alligators
  25 hell hogs
  4 deep troll shamans
  A two-headed ogre (shapeshifter) (Vaults:5)
  3 death scarabs
  4 death knights
  8 deep troll earth magi
  5 tengu warriors
  25 thrashing horrors
  10 titan zombies
  19 vampire magi
  19 small abominations
  10 soul eaters
  8 iron golems
  4 orc high priests
  2 spriggan berserkers
  9 storm dragon zombies
  77 hell knights
  3 fire crabs
  6 naga sharpshooters
  19 deep elf knights
  2 storm dragon skeletons
  11 sixfirhies
  2 spark wasp zombies
  A spectral emperor scorpion (Spider:4)
  10 wretched stars
  A fire crab (shapeshifter) (Lair:4)
  38 sun demons
  13 iron trolls
  16 shadow wraiths
  7 titan skeletons
  2 spatial maelstroms
  3 torturous demonspawn (Pan)
  A deep troll (shapeshifter) (Vaults:5)
  A gelid demonspawn (Pan)
  90 skeletal warriors
  28 deep trolls
  7 unseen horrors
  A ghost moth zombie (Coc:7)
  16 flayed ghosts
  9 swamp dragons
  7 cherubim (Pan)
  5 infernal demonspawn (Pan)
  A quicksilver dragon simulacrum (Depths:1)
  A kraken simulacrum (Hell)
  11 glowing orange brains
  5 harpies (Vaults:2)
  4 orange crystal statues
  14 shadow demons
  6 golden dragon zombies
  14 anaconda zombies
  18 ironbrand convokers
  A lindwurm (Lair:5)
  6 golden dragon skeletons
  20 necromancers
  A swamp dragon (shapeshifter) (Vaults:5)
  An obsidian statue (Zig:12)
  5 wizards
  16 deep elf archers
  12 orc knights
  5 wolf spider zombies
  2 shadow dragon zombies
  3 tengu zombies
  25 phantasmal warriors
  25 orb spiders
  6 anaconda skeletons
  A spectral wolf spider (Spider:4)
  2 harpies (shapeshifter)
  6 iron dragon zombies
  A mana viper (shapeshifter) (Depths:1)
  9 shining eyes
  8 frost giant zombies
  33 wolf spiders
  6 fauns
  5 worldbinders
  2 manticores
  10 orc sorcerers
  5 stone giant zombies
  11 cyclopes
  68 deep elf magi
  9 shadow dragon skeletons
  59 ugly things
  An oklob plant (Lair:1)
  7 dire elephant zombies
  9 fire giant zombies
  9 iron dragon skeletons
  An elephant (shapeshifter) (Zig:19)
  Maurice (D:13)
  A salamander (shapeshifter) (Vaults:1)
  4 elephants
  7 fire giant skeletons
  12 black mambas
  A black mamba (shapeshifter) (Zig:19)
  27 rust devils
  16 moths of wrath
  3 shock serpent zombies
  3 frost giant skeletons
  9 stone giant skeletons
  5 guardian serpents
  6 centaur zombies
  8 orange demons
  23 smoke demons
  20 spiny frogs
  2 spiny frogs (shapeshifter)
  3 apocalypse crabs (Abyss:3)
  16 vault sentinels
  2 shock serpent skeletons
  5 ice statues
  17 molten gargoyles
  11 eyes of devastation
  3 gargoyles
  4 dire elephant skeletons
  5 torpor snails
  27 hellions
  A minotaur zombie (Crypt:2)
  3 rime drakes
  A komodo dragon (shapeshifter) (Vaults:2)
  24 tormentors
  A red draconian zombie (Crypt:2)
  A spectral redback (Spider:4)
  2 kobold demonologists
  41 yaktaurs
  3 centaur skeletons
  6 komodo dragons
  26 demonic crawlers
  40 freezing wraiths
  A catoblepas skeleton (Geh:3)
  A grey draconian skeleton (Crypt:2)
  An iron troll zombie (Crypt:3)
  53 ice devils
  10 efreet
  3 hellwings (Dis:6)
  3 silent spectres
  8 guardian mummies (Zig:18)
  4 harpy zombies
  8 trolls
  11 ancient zymes
  39 red devils
  6 tengu conjurers
  2 human skeletons
  23 hydra zombies
  17 tyrant leeches
  A queen bee (shapeshifter) (Vaults:1)
  5 harpy skeletons
  30 jumping spiders
  A polar bear (Lair:3)
  A tengu simulacrum (Zig:18)
  A hornet (shapeshifter) (Depths:3)
  20 hornets
  A merfolk (shapeshifter) (Vaults:5)
  3 spectral tarantellas (Spider:4)
  A death drake skeleton (Crypt:2)
  8 bog bodies
  7 hydra skeletons
  An iron troll skeleton (Crypt:3)
  2 jumping spider zombies (Spider:4)
  10 hippogriffs
  3 tarantella zombies (Spider:4)
  7 ice dragon zombies
  8 raiju
  2 raiju (shapeshifter)
  140 slime creatures
  5 fire dragon zombies
  8 alligator zombies
  A blink frog (shapeshifter) (Lair:5)
  24 blink frogs
  8 ettin zombies
  3 hippogriffs (shapeshifter)
  A black mamba zombie (Dis:5)
  A frost giant simulacrum (Crypt:3)
  A stone giant simulacrum (Depths:1)
  8 ice dragon skeletons
  85 flying skulls
  67 redbacks
  5 fire dragon skeletons
  Sigmund (D:2)
  37 yaks
  3 spriggans (shapeshifter)
  11 spriggans
  30 water elementals
  15 wyverns
  6 alligator skeletons
  3 air elementals
  6 ettin skeletons
  23 vampires
  11 ynoxinuls
  35 tarantellas
  26 shadows
  5 ushabtiu (Zig:18)
  43 wraiths
  2 black mamba skeletons
  30 fire elementals
  4 golden eyes (Slime:4)
  8 humans (D:13)
  A human (shapeshifter) (Vaults:2)
  A basilisk (shapeshifter) (Elf:1)
  4 fire bats
  3 basilisks
  6 chaos spawn
  19 neqoxecs
  A steam dragon (shapeshifter) (Vaults:5)
  14 vampire mosquitoes
  A spatial vortex (Abyss:3)
  An emperor scorpion simulacrum (Coc:3)
  11 hungry ghosts
  12 wargs
  A naga (shapeshifter) (Zig:19)
  12 swamp worms
  5 acid dragons
  14 insubstantial wisps
  13 spiny frog zombies
  23 water moccasins
  4 soldier ants
  A swamp worm (shapeshifter) (Vaults:5)
  3 hydra simulacra
  8 porcupines
  A merfolk skeleton (Tar:3)
  A gelid demonspawn skeleton (Tar:5)
  3 floating eyes (Depths:5)
  35 hell hounds
  3 tengu skeletons
  A two-headed ogre zombie (Crypt:1)
  16 swamp drakes
  12 eyes of draining
  An elephant zombie (Crypt:1)
  3 sky beasts
  3 snapping turtle zombies
  7 spiny frog skeletons
  16 necrophages
  31 orc warriors
  2 hornet zombies (Spider:4)
  3 boggarts (Depths:2)
  36 ogres
  A swamp dragon zombie (Tar:5)
  6 phantoms
  16 ice beasts
  11 wolves
  A rime drake zombie (Crypt:1)
  4 elf skeletons
  3 manticore skeletons
  22 centaurs
  5 snapping turtle skeletons
  13 crocodiles
  3 big kobolds
  An elf zombie (Geh:4)
  A yaktaur zombie (Crypt:3)
  A hippogriff skeleton (Crypt:1)
  16 bullfrogs
  A gnoll sergeant (Orc:2)
  11 earth elementals
  A deep troll simulacrum (Vaults:2)
  A wyvern zombie (D:13)
  A wyvern skeleton (D:13)
  A hornet simulacrum (D:15)
  4 scorpions
  A spriggan zombie (Geh:6)
  5 killer bees (D:7)
  2 polar bear skeletons (Crypt:3)
  86 wights
  A spriggan skeleton (Geh:2)
  3 howler monkeys
  An electric eel (Spider:1)
  9 crimson imps
  4 human simulacra (Vaults:2)
  30 starcursed masses
  A yaktaur simulacrum (Vaults:1)
  A bullfrog skeleton (D:5)
  5 jellies
  Crazy Yiuf (D:4)
  12 orc priests
  3 hounds
  38 orc wizards
  14 iron imps
  2 iguanas
  6 worker ants
  5 hell rats (Hell)
  A killer bee zombie (Crypt:2)
  A crocodile zombie (Crypt:3)
  A naga zombie (Coc:2)
  An ogre zombie (Crypt:3)
  A dwarf skeleton (Crypt:2)
  2 big kobold skeletons
  A deep dwarf skeleton (Crypt:2)
  An acid dragon skeleton (Crypt:3)
  A naga skeleton (Geh:4)
  A hound skeleton (D:4)
  15 mummies
  2 howler monkey zombies
  A worker ant zombie (D:7)
  16 gnolls
  A gnoll (shapeshifter) (D:13)
  10 adders
  9 shadow imps
  19 white imps
  2 oozes
  10 ufetubi
  2 adder zombies
  An adder skeleton (D:5)
  2 worms
  A barachi skeleton (Crypt:1)
  2 dart slugs
  5 leopard geckos
  100 orcs
  2 ball pythons (D:3)
  10 bats
  A bat zombie (Crypt:2)
  9 giant cockroaches
  3 goblins
  17 hobgoblins
  17 jackals
  2 quokkas
  2 frilled lizards
  39 kobolds
  A kobold zombie (Crypt:3)
  3 leopard gecko skeletons
  A leopard gecko zombie (D:5)
  3 orc zombies
  A quokka zombie (D:5)
  10 rats
  3 crawling corpses (Vaults:5)
  2 fungi (Elf:2)
  2 lurking horrors (Abyss:3)
  4 starspawn tentacles
  4 tentacles (Hell)
4693 creatures vanquished.

Vanquished Creatures (collateral kills)
  Antaeus (Coc:7)
  the Royal Jelly (Slime:5)
  An ancient lich (Zig:19)
  2 caustic shrikes (Zig:7)
  2 Ice Fiends (IceCv)
  A Hell Sentinel (Zig:7)
  A titan (Zig:19)
  A sphinx (shapeshifter) (Vaults:5)
  3 acid blobs
  3 sphinxes (Zig:19)
  An acid blob (shapeshifter) (Vaults:5)
  An ancient champion (Crypt:2)
  A large abomination (Vaults:5)
  A fire giant (Depths:3)
  An azure jelly (Slime:5)
  A cacodemon (Dis:7)
  An iron dragon (Vaults:5)
  A vault warden (Vaults:1)
  A ghost moth (Zig:17)
  A curse skull (Crypt:2)
  A war gargoyle (Zig:19)
  3 entropy weavers (Zig:17)
  A spark wasp (Zig:17)
  2 death oozes (Slime:5)
  An ettin (Vaults:5)
  2 merfolk javelineers (Zig:16)
  A great orb of eyes (Zig:11)
  2 yaktaur captains
  A quicksilver dragon skeleton (Coc:7)
  An ice dragon (Zig:19)
  2 vault guards (Vaults:1)
  A hydra (Swamp:1)
  A satyr (Zig:16)
  8 death scarabs
  An ogre mage (Zig:19)
  3 naga sharpshooters (Zig:16)
  A deep elf knight (Zig:19)
  A glowing orange brain (Slime:5)
  An ironbrand convoker (Vaults:1)
  2 spectral wolf spiders (Spider:4)
  A phantasmal warrior (Vaults:5)
  An ugly thing (Vaults:2)
  7 orb spiders (Zig:17)
  A deep elf mage (Vaults:5)
  2 wolf spiders
  2 cyclopes (Zig:16)
  A guardian serpent (Lair:6)
  An elephant (Lair:6)
  3 black mambas (Lair:6)
  A spiny frog (Lair:6)
  A spectral redback (Spider:4)
  A gargoyle (Zig:7)
  5 ice devils (IceCv)
  2 demonic crawlers (Spider:4)
  2 redback zombies (Spider:4)
  3 yaktaurs (Vaults:1)
  2 jumping spiders (Zig:17)
  A harpy zombie (Dis:7)
  2 slime creatures (Slime:5)
  3 spectral jumping spiders (Spider:4)
  A flying skull (Zig:18)
  3 tarantellas (Zig:17)
  5 redbacks (Zig:17)
  A fire elemental (Zig:15)
  A warg (Vaults:5)
  A centaur (Zig:16)
  A worker ant (D:11)
  A white imp (IceCv)
  An orc (Vaults:5)
119 creatures vanquished.

Vanquished Creatures (others)
  A curse toe (Zot:5)
  A caustic shrike (Zig:14)
  A golden dragon (Zot:2)
  7 deep elf master archers
  A thorn hunter (Swamp:4)
  A sphinx (Zig:19)
  A draconian monk (Zot:2)
  A fire giant (Zig:15)
  An iron dragon (Zig:14)
  2 ghost moths
  A deep elf elementalist (Elf:3)
  2 draconian knights
  A reaper (Geh:4)
  An elemental wellspring (Coc:7)
  A vampire knight (Depths:3)
  A merfolk javelineer (Zig:16)
  2 fire dragons (Zig:15)
  2 yaktaur captains
  3 hydras (Swamp:4)
  3 satyrs
  A two-headed ogre (D:9)
  2 centaur warriors
  3 hell hogs
  A naga sharpshooter (Zig:16)
  A deep elf knight (Elf:2)
  A hell knight (Geh:2)
  A cherub (Pan)
  2 swamp dragons
  A deep elf archer (Elf:2)
  3 deep elf magi (Elf:2)
  2 fauns
  A smoke demon (Abyss:2)
  14 yaktaurs
  An orange demon (Pan)
  2 demonic crawlers
  A tormentor (Geh:7)
  A hornet (Spider:3)
  A tyrant leech (Swamp:4)
  2 blink frogs (Swamp:2)
  A bog body (Swamp:1)
  An ettin skeleton (Geh:6)
  A flying skull (Geh:6)
  4 redbacks
  2 wraiths
  A shadow (Geh:4)
  2 water elementals
  3 tarantellas
  A chaos spawn (Zig:6)
  3 humans
  A swamp worm (Swamp:1)
  3 hell hounds
  2 swamp drakes
  An ogre (Vaults:1)
  A wolf (Lair:2)
  A necrophage (Geh:1)
  6 centaurs
  A crocodile (Lair:3)
  3 wights
  A crimson imp (Geh:6)
  A starcursed mass (Abyss:3)
  An orc priest (Orc:1)
  An iron imp (Dis:7)
  An orc wizard (Orc:2)
  An iguana (Lair:3)
  A worker ant (D:5)
  A hell rat (Hell)
  A small abomination (Abyss:3)
  4 white imps (IceCv)
  2 ufetubi (IceCv)
  2 orcs
  A bush (Lair:3)
  37 fungi
  A lurking horror (Abyss:1)
  31 plants
  17 starspawn tentacles
  6 tentacles (Hell)
223 creatures vanquished.

Grand Total: 5035 creatures vanquished

Notes
Turn   | Place    | Note
-------+----------+-------------------------------------------
     0 | D:1      | grindst0ne the Deep Dwarf Monk began the quest for the Orb.
     0 | D:1      | Reached XP level 1. HP: 20/20 MP: 1/1
   294 | D:1      | Reached XP level 2. HP: 25/27 MP: 2/2
   381 | D:1      | Reached skill level 1 in Armour
   865 | D:2      | Reached XP level 3. HP: 32/34 MP: 3/3
   980 | D:2      | Reached XP level 4. HP: 9/42 MP: 4/4
  1062 | D:2      | Noticed Sigmund
  1490 | D:2      | Found a sparkling altar of Nemelex Xobeh.
  1670 | D:3      | Reached XP level 5. HP: 39/50 MP: 3/3
  1905 | D:4      | Found a staircase to the Ecumenical Temple.
  1906 | D:4      | Noticed an ogre
  2007 | D:4      | Noticed a water elemental
  2009 | D:4      | Found a stormy altar of Qazlal.
  2010 | D:4      | Noticed a fire elemental
  2010 | D:4      | Noticed an air elemental
  2097 | Temple   | Entered the Ecumenical Temple
  2327 | D:4      | Killed an ogre
  2525 | D:4      | Reached skill level 5 in Axes
  2525 | D:4      | Reached XP level 6. HP: 22/57 MP: 4/4
  2641 | D:4      | Found the +8 orange crystal plate armour {Archmagi, Int+3
                  | Clar}
  2675 | D:4      | Found a radiant altar of Vehumet.
  2893 | D:4      | Reached skill level 5 in Armour
  3065 | D:4      | Found a runed translucent door.
  3066 | D:4      | Noticed Crazy Yiuf
  3508 | D:4      | Killed Crazy Yiuf
  3508 | D:4      | Reached XP level 7. HP: 64/64 MP: 5/5
  3794 | D:2      | Killed Sigmund
  4118 | D:5      | Entered Level 5 of the Dungeon
  4372 | D:5      | Found a white marble altar of Elyvilon.
  4655 | D:5      | Found an ornate altar of the Wu Jian Council.
  4655 | D:5      | Found a hazy altar of Hepliaklqana.
  4830 | D:5      | Reached skill level 1 in Shields
  5069 | D:6      | Reached XP level 8. HP: 59/72 MP: 6/6
  5204 | D:6      | Found a shattered altar of Ashenzari.
  5529 | D:6      | Found a burning altar of Makhleb.
  5537 | D:6      | Became a worshipper of Makhleb the Destroyer
  5537 | D:6      | Reached * piety under Makhleb
  5537 | D:6      | Reached ** piety under Makhleb
  6010 | D:7      | Found a shimmering altar of Xom.
  6010 | D:7      | Found a shimmering altar of Xom.
  6034 | D:7      | Reached skill level 1 in Invocations
  6035 | D:7      | Found a shimmering altar of Xom.
  6035 | D:7      | Found a shimmering altar of Xom.
  6048 | D:7      | Found a shimmering altar of Xom.
  6230 | D:7      | Found a shimmering altar of Xom.
  6230 | D:7      | Noticed a raiju
  6231 | D:7      | Noticed a swamp dragon
  6308 | D:7      | Reached skill level 5 in Invocations
  6318 | D:7      | Gained mutation: You passively map the area around you.
                  | [Deep Dwarf growth]
  6318 | D:7      | Reached XP level 9. HP: 78/78 MP: 10/10
  6335 | D:7      | Found the +5 scythe "Finisher" {speed, eviscerate}
  6370 | D:7      | Reached skill level 10 in Armour
  6501 | D:7      | Noticed a shining eye
  7045 | D:8      | You fall into a shaft and drop 3 floors!
  7085 | D:11     | Reached skill level 5 in Shields
  7151 | D:11     | Noticed a two-headed ogre
  7151 | D:11     | Noticed a two-headed ogre
  7166 | D:11     | Killed a two-headed ogre
  7166 | D:11     | Reached XP level 10. HP: 62/86 MP: 11/11
  7172 | D:11     | Killed a two-headed ogre
  7190 | D:10     | Entered Level 10 of the Dungeon
  7213 | D:10     | Found a flagged portal.
  7226 | Bailey   | Entered a bailey
  7346 | Bailey   | Reached *** piety under Makhleb
  7504 | Bailey   | Reached XP level 11. HP: 66/92 MP: 13/13
  7642 | D:10     | Found a large runed translucent door.
  7642 | D:10     | Found a large runed translucent door.
  7642 | D:10     | Noticed Poysoo Ijaru's ghost (journeyman TrFi)
  7773 | D:9      | Noticed a two-headed ogre
  7781 | D:9      | Killed a two-headed ogre
  8201 | D:9      | Reached skill level 10 in Invocations
  8325 | D:9      | Found a staircase to the Orcish Mines.
  8367 | D:9      | Reached **** piety under Makhleb
  8530 | D:9      | Noticed Gastronok
  8550 | D:9      | Killed Gastronok
  8679 | D:9      | Found a glowing silver altar of Zin.
  8731 | D:9      | Noticed Harold
  8745 | D:9      | Killed Harold
  9272 | D:10     | Found a staircase to the Lair.
  9739 | D:11     | Reached XP level 12. HP: 83/99 MP: 13/13
  9814 | D:11     | Identified a scroll of acquirement
 10083 | D:11     | Found a runed translucent door.
 10083 | D:11     | Noticed an ettin
 10083 | D:11     | Noticed a yaktaur captain
 10083 | D:11     | Noticed a frost giant
 10084 | D:11     | Noticed a fire giant
 10085 | D:11     | Noticed a deep troll earth mage
 10085 | D:11     | Noticed a deep troll earth mage
 10085 | D:11     | Identified the ring of Naus {Str+4 Int+2}
 10085 | D:11     | Noticed a tengu reaver
 10085 | D:11     | Noticed a deep troll earth mage
 10572 | Lair:1   | Entered Level 1 of the Lair of Beasts
 10697 | Lair:1   | Reached ***** piety under Makhleb
 10770 | Lair:1   | Noticed an eight-headed hydra
 10776 | Lair:1   | Killed an eight-headed hydra
 10800 | Lair:1   | You fall into a shaft and drop 1 floor!
 11486 | Lair:2   | Found a hole to the Spider Nest.
 11984 | Lair:3   | Noticed an eight-headed hydra
 11990 | Lair:3   | Killed an eight-headed hydra
 12083 | Lair:3   | Reached skill level 15 in Armour
 12235 | Lair:3   | Reached XP level 13. HP: 72/105 MP: 14/14
 12730 | Lair:3   | Found a staircase to the Swamp.
 15022 | Lair:6   | Entered Level 6 of the Lair of Beasts
 15366 | Lair:6   | Reached ****** piety under Makhleb
 15855 | Lair:6   | Reached skill level 15 in Shields
 15963 | Lair:6   | Paralysed by a hornet for 2 turns
 15982 | Lair:6   | Paralysed by a hornet for 2 turns
 15988 | Lair:6   | Paralysed by a hornet for 3 turns
 16238 | Lair:6   | Gained mutation: You resist negative energy. (rN+) [Deep
                  | Dwarf growth]
 16238 | Lair:6   | Reached XP level 14. HP: 78/114 MP: 13/13
 16239 | Lair:6   | Reached skill level 1 in Long Blades
 16463 | Lair:6   | Found a viscous altar of Jiyva.
 16464 | Lair:6   | Found a staircase to the Slime Pits.
 17401 | D:10     | Killed Poysoo Ijaru's ghost
 17792 | D:12     | Found Lasat's Jewellery Shoppe.
 18511 | D:13     | Noticed Maurice
 18604 | D:13     | Found Fahoupp's General Store.
 18669 | D:13     | Reached skill level 5 in Long Blades
 18868 | D:13     | Bought a scroll of identify for 24 gold pieces
 18868 | D:13     | Bought a scroll of identify for 24 gold pieces
 18868 | D:13     | Bought a potion of heal wounds for 60 gold pieces
 18868 | D:13     | Bought a scroll of teleportation for 36 gold pieces
 18915 | D:13     | Noticed Frances
 18962 | D:13     | Killed Frances
 19616 | D:13     | Identified the +3 plate armour "Foriah" {Str+3 Dex+4}
 19788 | D:13     | Killed Maurice
 19954 | D:13     | Found a gate to the Vaults.
 20465 | D:14     | Found a portal to a secret trove of treasure.
 20569 | D:14     | Noticed Nessos
 20593 | D:14     | Killed Nessos
 20593 | D:14     | Reached XP level 15. HP: 120/120 MP: 15/15
 20706 | D:14     | Identified Roxanne's Tome of Transmutation
 20706 | D:14     | Noticed Roxanne
 20760 | D:14     | Killed Roxanne
 21082 | D:14     | Noticed Snorg
 21104 | D:14     | Killed Snorg
 21464 | D:15     | Entered Level 15 of the Dungeon
 21655 | D:15     | Found a staircase to the Depths.
 22684 | Orc:1    | Entered Level 1 of the Orcish Mines
 22846 | Orc:1    | Found a roughly hewn altar of Beogh.
 22957 | Orc:2    | Entered Level 2 of the Orcish Mines
 23061 | Orc:2    | Found a flickering gateway to a bazaar.
 23107 | Bazaar   | Entered a bazaar
 23107 | Bazaar   | Found Etichuak's General Store.
 23107 | Bazaar   | Found Luacaena's Book Shoppe.
 23107 | Bazaar   | Found Lanag's Magic Scroll Shop.
 23110 | Bazaar   | Found Juzadd's General Store.
 23131 | Bazaar   | Bought a Necronomicon for 1104 gold pieces
 23157 | Bazaar   | Bought a scroll of blinking for 97 gold pieces
 23157 | Bazaar   | Bought a scroll of teleportation for 39 gold pieces
 23157 | Bazaar   | Bought a scroll of brand weapon for 260 gold pieces
 23157 | Bazaar   | Bought a scroll of enchant armour for 97 gold pieces
 23167 | Bazaar   | Bought 2 potions of heal wounds for 130 gold pieces
 23173 | Bazaar   | Bought a potion of curing for 48 gold pieces
 23173 | Bazaar   | Bought a scroll of teleportation for 48 gold pieces
 23297 | Orc:2    | Learned a level 8 spell: Necromutation
 23472 | Orc:2    | Found Guuj Zamo's Antique Armour Emporium.
 23475 | Orc:2    | Found Putogrot's Antique Armour Boutique.
 23633 | Orc:2    | Bought an ancient cloak for 275 gold pieces
 23643 | Orc:2    | Identified the cursed +0 cloak of the Bagpipe {MR- rCorr
                  | Str+3 Int+4} (You bought it in a shop on level 2 of the
                  | Orcish Mines)
 23678 | Orc:2    | Found a roughly hewn altar of Beogh.
 23701 | Orc:2    | Noticed an orc warlord
 23757 | Orc:2    | Killed an orc warlord
 23775 | Orc:2    | Found Lossesmu's General Store.
 23775 | Orc:2    | Found Hugifar's Magic Scroll Emporium.
 23894 | Orc:2    | Bought a +1 broad axe of chopping for 208 gold pieces
 23997 | Orc:2    | Found a staircase to the Elven Halls.
 24323 | D:12     | Bought an uncursed ring of poison resistance for 200 gold
                  | pieces
 24462 | Swamp:1  | Entered Level 1 of the Swamp
 24464 | Swamp:1  | Noticed Nikola
 24492 | Swamp:1  | Killed Nikola
 24934 | Swamp:1  | Noticed Jorgrun
 24964 | Swamp:1  | Killed Jorgrun
 24964 | Swamp:1  | Reached skill level 1 in Necromancy
 24980 | Swamp:1  | Got a pitted ivory amulet
 24982 | Swamp:1  | Identified the amulet "Kaurch" {Spirit rElec Dex+3} (You
                  | acquired it on level 1 of the Swamp)
 25216 | Swamp:2  | Reached skill level 2 in Necromancy
 25216 | Swamp:2  | Noticed a thorn hunter
 25243 | Swamp:1  | Killed a thorn hunter
 25371 | Spider:1 | Entered Level 1 of the Spider Nest
 25390 | Spider:1 | Reached skill level 5 in Fighting
 25418 | Spider:1 | Noticed Kirke
 25432 | Spider:1 | Reached skill level 3 in Necromancy
 25461 | Spider:1 | Killed Kirke
 25466 | Spider:1 | Reached XP level 16. HP: 95/130 MP: 0/16
 25629 | Spider:1 | Found a frozen archway.
 25634 | IceCv    | Entered an ice cave
 25763 | IceCv    | Reached skill level 4 in Necromancy
 26028 | IceCv    | Noticed an Ice Fiend
 26028 | IceCv    | Noticed an Ice Fiend
 26049 | IceCv    | Killed an Ice Fiend
 26049 | IceCv    | Killed an Ice Fiend
 26319 | Spider:1 | Reached skill level 5 in Necromancy
 26345 | Spider:1 | Learned a level 2 spell: Blink
 26927 | Spider:2 | Reached skill level 6 in Necromancy
 27146 | Spider:2 | Found a large runed translucent door.
 27147 | Spider:2 | Found a large runed translucent door.
 27154 | Spider:2 | Noticed Vuykkinei's ghost (adept TrBe)
 27473 | Spider:3 | Noticed Aizul
 27528 | Spider:3 | Killed Aizul
 27528 | Spider:3 | Reached skill level 7 in Necromancy
 28180 | Spider:4 | Entered Level 4 of the Spider Nest
 28822 | Swamp:2  | Reached skill level 8 in Necromancy
 28984 | Swamp:2  | Reached XP level 17. HP: 90/146 MP: 12/12
 29403 | Swamp:2  | Found a bloodstained altar of Trog.
 29891 | Swamp:3  | Got a scorched bone ring
 29892 | Swamp:3  | Identified the ring of Zoykh {Fire rElec MR+ Dex-3 SInv}
                  | (You found it on level 3 of the Swamp)
 29909 | Swamp:3  | Reached skill level 9 in Necromancy
 30354 | Swamp:4  | Entered Level 4 of the Swamp
 30868 | Swamp:4  | Reached skill level 10 in Necromancy
 31235 | Swamp:4  | Got a decaying rune of Zot
 31675 | Spider:2 | Killed Vuykkinei's ghost
 31675 | Spider:2 | Reached skill level 10 in Fighting
 31682 | Spider:2 | Identified the Reference Book on Curses and Darkness
 32498 | Spider:4 | Reached skill level 11 in Necromancy
 32818 | Spider:4 | Gained mutation: You passively map a large area around you.
                  | [Deep Dwarf growth]
 32818 | Spider:4 | Reached XP level 18. HP: 163/163 MP: 13/13
 33598 | Spider:4 | Got a gossamer rune of Zot
 33870 | Vaults:1 | Entered Level 1 of the Vaults
 33937 | D:13     | Reached skill level 12 in Necromancy
 34652 | Vaults:1 | Found Omno Tisch's Jewellery Emporium.
 34660 | Vaults:1 | Bought the amulet of the Scarab {Reflect rElec rPois Slay+2
                  | SH+4} for 750 gold pieces
 34765 | Vaults:1 | Reached skill level 13 in Necromancy
 35052 | Vaults:1 | Reached skill level 10 in Axes
 35052 | Vaults:1 | Reached XP level 19. HP: 172/172 MP: 12/12
 35290 | Vaults:1 | Reached skill level 1 in Transmutations
 36267 | Vaults:2 | Reached skill level 14 in Necromancy
 36445 | Vaults:2 | Found a staircase to the Crypt.
 36445 | Vaults:2 | Found an ancient bone altar of Kikubaaqudgha.
 36513 | Vaults:2 | Found a basalt altar of Yredelemnul.
 36780 | Vaults:2 | Reached skill level 5 in Transmutations
 36995 | Vaults:3 | HP: 3/172 [deep elf annihilator/iron shot[an ironheart
                  | preserver] (46)]
 37233 | Vaults:3 | Reached XP level 20. HP: 174/181 MP: 13/13
 38516 | Vaults:4 | Reached skill level 15 in Necromancy
 38792 | Vaults:4 | Found Yqiutoff's Distillery.
 38802 | Vaults:4 | Bought a potion of heal wounds for 80 gold pieces
 38802 | Vaults:4 | Bought 2 potions of heal wounds for 160 gold pieces
 38802 | Vaults:4 | Bought a potion of agility for 64 gold pieces
 38802 | Vaults:4 | Bought a potion of agility for 64 gold pieces
 38802 | Vaults:4 | Bought a potion of might for 64 gold pieces
 39509 | Depths:1 | Entered Level 1 of the Depths
 39524 | D:15     | Reached skill level 15 in Axes
 40118 | Depths:1 | Reached skill level 16 in Necromancy
 40220 | Depths:1 | Found a gateway to Hell.
 40415 | Depths:1 | Found a glowing golden altar of the Shining One.
 40638 | Depths:2 | Reached XP level 21. HP: 187/187 MP: 14/14
 40682 | Depths:2 | Noticed the Enchantress
 40715 | Depths:2 | Killed the Enchantress
 40823 | Depths:2 | Noticed Asterion
 40927 | Depths:2 | Killed Asterion
 41104 | Depths:2 | Found Cetsun's Commerce Corner.
 41111 | Depths:2 | Bought a wand of clouds (4) for 480 gold pieces
 41153 | Depths:2 | Reached skill level 1 in Evocations
 41404 | Depths:2 | Found Ficloen's Gadget Boutique.
 41405 | Depths:2 | Found Qofuustra's Jewellery Shoppe.
 41410 | Depths:2 | Found Cekk's Gadget Boutique.
 41459 | Depths:2 | Bought a wand of digging (5) for 306 gold pieces
 41499 | Depths:2 | Gained mutation: Your body sometimes deteriorates upon
                  | taking damage. [a neqoxec]
 41524 | Depths:2 | Reached skill level 1 in Spellcasting
 41570 | Depths:2 | Found a one-way gate leading to the halls of Pandemonium.
 41808 | Depths:2 | You fall into a shaft and drop 2 floors!
 42092 | Depths:4 | Found a one-way gate to the infinite horrors of the Abyss.
 42137 | Depths:4 | Reached skill level 17 in Necromancy
 42155 | Depths:4 | Reached skill level 5 in Dodging
 42284 | Depths:3 | Noticed a juggernaut
 42292 | Depths:3 | Identified the +7 trident of Licwi {venom, rF+ Str+4}
 42655 | Depths:3 | Reached skill level 5 in Evocations
 42738 | Depths:3 | HP: 7/189 [iron dragon/spray of metal splinters (56)]
 42742 | Depths:3 | Noticed a caustic shrike
 42779 | Depths:3 | Reached XP level 22. HP: 140/198 MP: 14/14
 42906 | Depths:3 | Killed a juggernaut
 43069 | Depths:3 | Killed a caustic shrike
 43137 | Depths:3 | Found a gateway to a ziggurat.
 43182 | Depths:3 | Identified the cursed +3 triple sword of Destruction {elec,
                  | rC++ Int+3}
 43496 | Depths:3 | Found the +8 trident of the Octopus King {venom, rElec
                  | rPois MR+}
 43538 | Depths:3 | Identified the +2 cloak "Angefic" {rPois rCorr Str+4} (You
                  | found it on level 3 of the Depths)
 44152 | Depths:4 | Reached skill level 5 in Spellcasting
 44358 | Depths:5 | Entered Level 5 of the Depths
 44392 | Depths:5 | Noticed a juggernaut
 44411 | Depths:5 | Killed a juggernaut
 44503 | Depths:5 | Got a steaming marble ring
 44504 | Depths:5 | Identified the ring "Etod" {+Fly rC+ Int+3} (You found it
                  | on level 5 of the Depths)
 44525 | Depths:5 | Found a shimmering altar of Xom.
 44586 | Depths:5 | Paralysed by a floating eye for 4 turns
 44609 | Depths:5 | Noticed a juggernaut
 44639 | Depths:4 | Killed a juggernaut
 44835 | Depths:5 | Noticed a caustic shrike
 44863 | Depths:5 | Killed a caustic shrike
 44982 | Depths:5 | Noticed Margery
 45031 | Depths:5 | Killed Margery
 45104 | Depths:5 | Got a transparent steel ring
 45105 | Depths:5 | Identified the ring "Fog Usul" {rN+ MR- Str-4 Int+10 Dex+3}
                  | (You found it on level 5 of the Depths)
 45115 | Depths:5 | Noticed a golden dragon
 45123 | Depths:5 | Killed a golden dragon
 45162 | Depths:5 | Noticed a juggernaut
 45183 | Depths:5 | Killed a juggernaut
 45183 | Depths:5 | Reached XP level 23. HP: 172/210 MP: 15/15
 45259 | Depths:5 | Noticed a caustic shrike
 45278 | Depths:5 | Killed a caustic shrike
 45331 | Depths:5 | Noticed Xtahua
 45356 | Depths:5 | Killed Xtahua
 45385 | Depths:5 | Noticed a juggernaut
 45387 | Depths:5 | Identified the ring of Pyulergh {Wiz *Slow rPois Str+6}
 45392 | Depths:5 | Paralysed by a floating eye for 3 turns
 45422 | Depths:5 | Killed a juggernaut
 45422 | Depths:5 | Reached skill level 10 in Dodging
 45422 | Depths:5 | Reached skill level 10 in Transmutations
 45519 | Depths:5 | Found a basalt altar of Yredelemnul.
 45557 | Depths:5 | Found a gate to the Realm of Zot.
 46035 | Elf:1    | Entered Level 1 of the Elven Halls
 46211 | Elf:1    | Found Xacen's General Store.
 46864 | Elf:2    | Found Qucen's Antique Armour Shoppe.
 46892 | Elf:2    | Gained mutation: You are frail. (-10% HP) [a neqoxec]
 46898 | Elf:2    | Gained mutation: You are dopey. (Int -2) [a neqoxec]
 47116 | Elf:2    | Found Zoitiam's Antique Armour Shop.
 47305 | Elf:2    | Found Muaf's Armour Boutique.
 47456 | Elf:2    | Found a runed translucent gate.
 47456 | Elf:2    | Found a runed translucent gate.
 47457 | Elf:2    | Found a runed translucent gate.
 48041 | Elf:3    | Entered Level 3 of the Elven Halls
 48041 | Elf:3    | Found Jurotewk's Weapon Boutique.
 48124 | Elf:3    | Found a shimmering blue altar of Sif Muna.
 48485 | Elf:3    | Reached XP level 24. HP: 200/200 MP: 17/17
 49020 | Elf:3    | Identified the cursed +0 chain mail of Intercession {rElec
                  | Int-3 Dex-3 SInv Stlth+}
 49135 | Elf:3    | Identified the ring "Ucoob" {*Drain rPois AC+4 Str+10
                  | Dex-5}
 49292 | Elf:3    | Identified the ring of Melee {+Fly Int+4}
 49314 | Elf:3    | Identified the Guide on Attacks
 49663 | Crypt:1  | Entered Level 1 of the Crypt
 50879 | Crypt:2  | Found a transporter.
 50892 | Crypt:2  | Found a transporter.
 50990 | Crypt:2  | Reached skill level 10 in Spellcasting
 51006 | Crypt:2  | Identified Meimiefiwo's Almanac of Hexes
 51031 | Crypt:2  | Got a heavily runed bronze amulet
 51032 | Crypt:2  | Identified the amulet of Huaffow {Regen+ Int+6} (You found
                  | it on level 2 of the Crypt)
 51240 | Crypt:2  | Reached skill level 15 in Fighting
 51323 | Crypt:3  | Entered Level 3 of the Crypt
 51533 | Crypt:3  | Noticed Mara
 51552 | Crypt:3  | Noticed grindst0ne's illusion
 51568 | Crypt:3  | Killed Mara
 52155 | Crypt:3  | Got an ancient copper ring
 52157 | Crypt:3  | Identified the ring of Utohuamp {+Fly Str-2 Dex+7} (You
                  | found it on level 3 of the Crypt)
 52350 | Crypt:3  | Found a staircase to the Tomb.
 52558 | Crypt:3  | Noticed Jory
 52576 | Crypt:3  | Killed Jory
 52629 | Crypt:3  | Reached XP level 25. HP: 210/210 MP: 17/17
 52654 | Crypt:3  | Identified Ereshkigal's Tome of Black Arts
 52962 | Vaults:5 | Entered Level 5 of the Vaults
 53194 | Vaults:5 | Identified the +12 short sword of Lies {venom, Int+2}
 53194 | Vaults:5 | Identified the amulet "Usyu" {Regen+ Int+4 Stlth+}
 53920 | Vaults:5 | Identified the +5 quarterstaff of Honour {antimagic, *Rage
                  | rC++ Int+4 Dex+2}
 54084 | Vaults:5 | Reached XP level 26. HP: 223/223 MP: 19/19
 54101 | Vaults:5 | Got a silver rune of Zot
 54277 | Vaults:5 | Identified Teoh's Disquisition on Dusty Darkness
 54559 | Vaults:5 | Learned a level 5 spell: Aura of Abjuration
 54568 | Vaults:5 | Learned a level 8 spell: Borgnjor's Revivification
 54661 | Vaults:4 | Bought a potion of curing for 48 gold pieces
 54661 | Vaults:4 | Bought a potion of haste for 160 gold pieces
 54661 | Vaults:4 | Bought a potion of berserk rage for 80 gold pieces
 54661 | Vaults:4 | Bought a potion of flight for 48 gold pieces
 54661 | Vaults:4 | Bought a potion of lignification for 48 gold pieces
 54661 | Vaults:4 | Bought a potion of magic for 128 gold pieces
 54661 | Vaults:4 | Bought a potion of resistance for 160 gold pieces
 54661 | Vaults:4 | Bought a potion of haste for 160 gold pieces
 54661 | Vaults:4 | Bought a potion of brilliance for 64 gold pieces
 54860 | Depths:2 | Bought a potion of curing for 60 gold pieces
 54969 | D:12     | Bought an uncursed ring of protection from fire for 250
                  | gold pieces
 55203 | Zot:1    | Entered Level 1 of the Realm of Zot
 55403 | Zot:1    | Reached skill level 15 in Transmutations
 55821 | Zot:1    | Noticed an ancient lich
 55972 | Zot:1    | Killed an ancient lich
 55985 | Zot:1    | Found a stormy altar of Qazlal.
 56521 | D:14     | You paid a toll of 15 potions of curing to enter a treasure
                  | trove
 56522 | Trove    | Entered a treasure trove
 56538 | Trove    | Found the +18 shield of the Gong {rElec rN+ MR+ EV-5}
 56543 | Trove    | Identified the +4 gold dragon scales of Prudence {-Tele
                  | rElec rPois rF+ rC+ MP+9 Slay+5} (You found it in a
                  | treasure trove)
 56570 | Trove    | Reached XP level 27. HP: 234/234 MP: 21/21
 56578 | Trove    | Got a vibrating tin amulet
 56580 | Trove    | Got a heavily runed jade amulet
 56582 | Trove    | Got a steaming crystal amulet
 56583 | Trove    | Identified the amulet "Ikaucoah" {Gourm Int+3} (You found
                  | it in a treasure trove)
 56584 | Trove    | Identified the amulet of Zazion {Acrobat rElec rPois} (You
                  | found it in a treasure trove)
 56585 | Trove    | Identified the amulet of Kouxiysi {Gourm rElec MR- Str-4
                  | SInv} (You found it in a treasure trove)
 57783 | Zot:3    | Learned a level 6 spell: Death Channel
 57789 | Zot:3    | Learned a level 5 spell: Borgnjor's Vile Clutch
 58793 | Zot:4    | Reached skill level 15 in Spellcasting
 58908 | Zot:4    | Noticed an orb of fire
 58914 | Zot:4    | Gained mutation: You are very frail. (-20% HP) [an orb of
                  | fire]
 58916 | Zot:4    | Gained mutation: You are very dopey. (Int -4) [an orb of
                  | fire]
 58940 | Zot:4    | Killed an orb of fire
 59757 | Zot:5    | Entered Level 5 of the Realm of Zot
 59803 | Zot:5    | Noticed an orb of fire
 59820 | Zot:5    | Gained mutation: You are weak. (Str -2) [an orb of fire]
 59821 | Zot:5    | Gained mutation: You are occasionally teleported next to
                  | monsters. [an orb of fire]
 59823 | Zot:5    | Gained mutation: Your spells are a little easier to cast,
                  | but a little less powerful. [an orb of fire]
 59839 | Zot:5    | Gained mutation: You have sharp toenails. [an orb of fire]
 59855 | Zot:5    | Gained mutation: You occasionally shout uncontrollably at
                  | your foes. [an orb of fire]
 59857 | Zot:5    | Killed an orb of fire
 60382 | Zot:5    | Noticed an ancient lich
 60421 | Zot:5    | Killed an ancient lich
 60534 | Zot:5    | Noticed an ancient lich
 60534 | Zot:5    | Noticed an orb of fire
 60534 | Zot:5    | Noticed an orb of fire
 60541 | Zot:5    | Gained mutation: Your magical capacity is low. (-10% MP)
                  | [an orb of fire]
 60542 | Zot:5    | Lost mutation: You are occasionally teleported next to
                  | monsters. [an orb of fire]
 60568 | Zot:5    | Gained mutation: Scrolls take you a little longer to read.
                  | [an orb of fire]
 60800 | Zot:5    | Gained mutation: Scrolls take you longer to read. [an orb
                  | of fire]
 60810 | Zot:4    | Gained mutation: You tend to lose your temper in combat.
                  | [an orb of fire]
 60812 | Zot:4    | HP: 8/213 [orb of fire/bolt of fire (18)]
 60816 | Zot:4    | Gained mutation: You are extremely frail. (-30% HP) [an orb
                  | of fire]
 60840 | Zot:4    | Killed an orb of fire
 60856 | Zot:4    | Gained mutation: Scrolls take you much longer to read. [an
                  | orb of fire]
 60858 | Zot:4    | Killed an orb of fire
 60927 | Zot:5    | Killed an ancient lich
 60957 | Zot:5    | Noticed an orb of fire
 60957 | Zot:5    | Gained mutation: Your body often deteriorates upon taking
                  | damage. [an orb of fire]
 60980 | Zot:5    | Gained mutation: You are clumsy. (Dex -2) [an orb of fire]
 60986 | Zot:5    | Lost mutation: Your spells are a little easier to cast, but
                  | a little less powerful. [an orb of fire]
 60987 | Zot:5    | Killed an orb of fire
 61152 | Zot:5    | Noticed an ancient lich
 61154 | Zot:5    | Noticed an orb of fire
 61162 | Zot:5    | Killed an ancient lich
 61163 | Zot:5    | Gained mutation: Your spells are a little easier to cast,
                  | but a little less powerful. [an orb of fire]
 61176 | Zot:5    | Gained mutation: You are very clumsy. (Dex -4) [an orb of
                  | fire]
 61177 | Zot:5    | Gained mutation: You often lose your temper in combat. [an
                  | orb of fire]
 61181 | Zot:5    | Killed an orb of fire
 61350 | Zot:5    | Reached skill level 18 in Necromancy
 61460 | Zot:5    | Noticed an ancient lich
 61463 | Zot:5    | Noticed an ancient lich
 61484 | Zot:5    | Killed an ancient lich
 61493 | Zot:5    | Killed an ancient lich
 61498 | Zot:5    | Noticed an orb of fire
 61526 | Zot:5    | Killed an orb of fire
 61564 | Zot:5    | Noticed an ancient lich
 61593 | Zot:5    | Killed an ancient lich
 61611 | Zot:5    | Noticed an ancient lich
 61625 | Zot:5    | Killed an ancient lich
 61701 | Zot:5    | Noticed an ancient lich
 61708 | Zot:5    | Killed an ancient lich
 61766 | Zot:5    | Reached skill level 19 in Necromancy
 62513 | Slime:1  | Entered Level 1 of the Pits of Slime
 62516 | Slime:1  | Gained mutation: You are very weak. (Str -4) [a shining
                  | eye]
 62529 | Slime:1  | Gained mutation: Your spells are easier to cast, but less
                  | powerful. [a shining eye]
 62533 | Slime:1  | Gained mutation: You sometimes yell uncontrollably at your
                  | foes. [a shining eye]
 62538 | Slime:1  | Gained mutation: Your magical capacity is very low. (-20%
                  | MP) [a shining eye]
 62640 | Slime:2  | Gained mutation: Armour fits poorly on your strangely
                  | shaped body. [a shining eye]
 62641 | Slime:2  | Gained mutation: Your spells are much easier to cast, but
                  | much less powerful. [a shining eye]
 62781 | Slime:4  | Gained mutation: You are occasionally teleported next to
                  | monsters. [a shining eye]
 62860 | Slime:5  | Entered Level 5 of the Pits of Slime
 63103 | Slime:5  | Reached skill level 20 in Necromancy
 63276 | Slime:5  | Gained mutation: Your magical capacity is extremely low.
                  | (-30% MP) [a shining eye]
 63278 | Slime:5  | Gained mutation: You frequently scream uncontrollably at
                  | your foes. [a shining eye]
 63289 | Slime:5  | Gained mutation: You are sometimes teleported next to
                  | monsters. [a shining eye]
 63356 | Slime:5  | Noticed the Royal Jelly
 63380 | Slime:5  | Killed the Royal Jelly
 63446 | Slime:5  | Identified the Guide on Conjuration and Translocation
 63489 | Slime:5  | Got a slimy rune of Zot
 63514 | Slime:5  | Identified the Compendium of Doomed Creation
 63775 | Slime:5  | Learned a level 4 spell: Passage of Golubria
 63784 | Slime:5  | Learned a level 8 spell: Infestation
 63784 | Slime:5  | Lost mutation: You are extremely frail. (-30% HP) [potion
                  | of mutation]
 63784 | Slime:5  | Lost mutation: You are very frail. (-20% HP) [potion of
                  | mutation]
 63784 | Slime:5  | Lost mutation: You are very clumsy. (Dex -4) [potion of
                  | mutation]
 63784 | Slime:5  | Gained mutation: You expend magic power (3 MP) to
                  | strengthen your wands. [potion of mutation]
 63785 | Slime:5  | Lost mutation: You are clumsy. (Dex -2) [potion of
                  | mutation]
 63785 | Slime:5  | Lost mutation: You often lose your temper in combat.
                  | [potion of mutation]
 63785 | Slime:5  | Lost mutation: You expend magic power (3 MP) to strengthen
                  | your wands. [potion of mutation]
 63785 | Slime:5  | Lost mutation: Scrolls take you much longer to read.
                  | [potion of mutation]
 63785 | Slime:5  | Lost mutation: Your spells are much easier to cast, but
                  | much less powerful. [potion of mutation]
 63786 | Slime:5  | Lost mutation: Your spells are easier to cast, but less
                  | powerful. [potion of mutation]
 63786 | Slime:5  | Lost mutation: Your body often deteriorates upon taking
                  | damage. [potion of mutation]
 63786 | Slime:5  | Lost mutation: Scrolls take you longer to read. [potion of
                  | mutation]
 63786 | Slime:5  | Lost mutation: Your spells are a little easier to cast, but
                  | a little less powerful. [potion of mutation]
 63787 | Slime:5  | Lost mutation: You frequently scream uncontrollably at your
                  | foes. [potion of mutation]
 63787 | Slime:5  | Lost mutation: Your body sometimes deteriorates upon taking
                  | damage. [potion of mutation]
 63787 | Slime:5  | Lost mutation: You are very weak. (Str -4) [potion of
                  | mutation]
 63788 | Slime:5  | Lost mutation: Scrolls take you a little longer to read.
                  | [potion of mutation]
 63788 | Slime:5  | Lost mutation: Armour fits poorly on your strangely shaped
                  | body. [potion of mutation]
 63788 | Slime:5  | Lost mutation: You are frail. (-10% HP) [potion of
                  | mutation]
 63788 | Slime:5  | Lost mutation: Your magical capacity is extremely low.
                  | (-30% MP) [potion of mutation]
 63788 | Slime:5  | Gained mutation: Your spells are a little easier to cast,
                  | but a little less powerful. [potion of mutation]
 63788 | Slime:5  | Lost mutation: You tend to lose your temper in combat.
                  | [potion of mutation]
 63789 | Slime:5  | Lost mutation: Your magical capacity is very low. (-20% MP)
                  | [potion of mutation]
 63789 | Slime:5  | Lost mutation: You sometimes yell uncontrollably at your
                  | foes. [potion of mutation]
 63789 | Slime:5  | Gained mutation: You have a somewhat thin skeletal
                  | structure. (Dex +2, Stealth) [potion of mutation]
 63790 | Slime:5  | Lost mutation: Your spells are a little easier to cast, but
                  | a little less powerful. [potion of mutation]
 63790 | Slime:5  | Lost mutation: Your magical capacity is low. (-10% MP)
                  | [potion of mutation]
 63790 | Slime:5  | Lost mutation: You are weak. (Str -2) [potion of mutation]
 63790 | Slime:5  | Lost mutation: You are sometimes teleported next to
                  | monsters. [potion of mutation]
 63790 | Slime:5  | Gained mutation: You are partially covered in rugged brown
                  | scales. (AC +1, +3% HP) [potion of mutation]
 63790 | Slime:5  | Gained mutation: You have sharp fingernails. [potion of
                  | mutation]
 63791 | Slime:5  | Lost mutation: You have sharp toenails. [potion of
                  | mutation]
 63791 | Slime:5  | Lost mutation: You are very dopey. (Int -4) [potion of
                  | mutation]
 63791 | Slime:5  | Lost mutation: You are partially covered in rugged brown
                  | scales. (AC +1, +3% HP) [potion of mutation]
 63791 | Slime:5  | Lost mutation: You are occasionally teleported next to
                  | monsters. [potion of mutation]
 63791 | Slime:5  | Gained mutation: You are somewhat resistant to further
                  | mutation. [potion of mutation]
 64036 | Slime:1  | Gained mutation: You are very dopey. (Int -4) [a shining
                  | eye]
 64038 | Slime:1  | Gained mutation: You are frail. (-10% HP) [a shining eye]
 64375 | Hell     | Entered the Vestibule of Hell
 64375 | Hell     | Noticed Geryon
 64386 | Hell     | Killed Geryon
 64482 | Hell     | Found a gateway to the ashen valley of Gehenna.
 64582 | Hell     | Found a gateway to the Iron City of Dis.
 64641 | Hell     | Found a gateway to the freezing wastes of Cocytus.
 64726 | Hell     | Found a gateway to the decaying netherworld of Tartarus.
 64961 | Zig:1    | Entered Level 1 of a ziggurat
 64981 | Zig:2    | Entered Level 2 of a ziggurat
 64997 | Zig:3    | Entered Level 3 of a ziggurat
 65017 | Zig:4    | Entered Level 4 of a ziggurat
 65017 | Zig:4    | Found the +7 great mace "Firestarter" {inner flame, rF++}
 65169 | Zig:5    | Entered Level 5 of a ziggurat
 65184 | Zig:5    | Paralysed by accursed screaming for 1 turns
 65210 | Zig:5    | Identified the +4 plate armour of the Merchant {rElec Int-5
                  | Dex+6} (You found it on level 5 of a ziggurat)
 65220 | Zig:6    | Entered Level 6 of a ziggurat
 65236 | Zig:6    | Reached skill level 21 in Necromancy
 65265 | Zig:7    | Entered Level 7 of a ziggurat
 65330 | Zig:7    | Got a slimy steel ring
 65331 | Zig:7    | Identified the ring of the Everdark {rF++ Dex+4} (You
                  | acquired it on level 7 of a ziggurat)
 65553 | Zig:8    | Entered Level 8 of a ziggurat
 65619 | Zig:9    | Entered Level 9 of a ziggurat
 65728 | Zig:10   | Entered Level 10 of a ziggurat
 65822 | Zig:10   | Identified the amulet "Kaotejupt" {rN+ MR+ Regen+} (You
                  | found it on level 10 of a ziggurat)
 65836 | Zig:10   | Identified the amulet "Biohi" {Inacc rElec rC+ Int+2} (You
                  | found it on level 10 of a ziggurat)
 65841 | Zig:11   | Entered Level 11 of a ziggurat
 65931 | Zig:11   | Got a warped glass ring
 65932 | Zig:11   | Identified the ring of Zostyfre {+Blink rC+++ MR++ Slay-4
                  | Stlth-} (You found it on level 11 of a ziggurat)
 66051 | Zig:12   | Entered Level 12 of a ziggurat
 66181 | Zig:12   | Identified the ring of Uwka {+Blink Int+4} (You found it on
                  | level 12 of a ziggurat)
 66189 | Zig:12   | Identified the amulet of Youthful Indiscretion {Harm *Drain
                  | rC+ Str+8 Slay-2} (You found it on level 12 of a ziggurat)
 66266 | Zig:13   | Entered Level 13 of a ziggurat
 66330 | Zig:13   | Reached skill level 22 in Necromancy
 66421 | Zig:13   | Identified the Handbook of Torrid Talismans
 66430 | Zig:14   | Entered Level 14 of a ziggurat
 66570 | Zig:15   | Entered Level 15 of a ziggurat
 66577 | Zig:15   | Noticed an orb of fire
 66579 | Zig:15   | Noticed an orb of fire
 66597 | Zig:15   | Killed an orb of fire
 66609 | Zig:15   | Killed an orb of fire
 66670 | Zig:15   | Found the +6 Majin-Bo {vamp, Archmagi MP+6 Int+6}
 66681 | Zig:15   | Identified the ring "Wyzxiy" {*Contam rPois rN+ Int+8 SInv}
                  | (You found it on level 15 of a ziggurat)
 66685 | Zig:15   | Identified the Handbook of Gliding Toxins
 66720 | Zig:16   | Entered Level 16 of a ziggurat
 66759 | Zig:16   | Reached skill level 23 in Necromancy
 66816 | Zig:16   | Identified Jash's Volume of Orientation
 66827 | Zig:16   | Identified Fodan's Papyrus of Conjuration
 66847 | Zig:16   | Identified the Guide on Poisoning and Evil Secrets
 66850 | Zig:16   | Identified the Tome of Toxic Arcane Weapons
 66880 | Zig:17   | Entered Level 17 of a ziggurat
 66987 | Zig:17   | Found the amulet of Vitality {Regen+ HP+15}
 67117 | Zig:18   | Entered Level 18 of a ziggurat
 67133 | Zig:18   | Noticed a greater mummy
 67136 | Zig:18   | Noticed a greater mummy
 67145 | Zig:18   | Noticed a greater mummy
 67151 | Zig:18   | Killed a greater mummy
 67151 | Zig:18   | Noticed a greater mummy
 67151 | Zig:18   | Noticed a greater mummy
 67162 | Zig:18   | Killed a greater mummy
 67164 | Zig:18   | Noticed a greater mummy
 67195 | Zig:18   | Killed a greater mummy
 67225 | Zig:18   | Killed a greater mummy
 67323 | Zig:18   | Killed a greater mummy
 67365 | Zig:18   | Killed a greater mummy
 67471 | Zig:18   | Learned a level 8 spell: Controlled Blink
 67476 | Zig:19   | Entered Level 19 of a ziggurat
 67522 | Zig:19   | Reached skill level 24 in Necromancy
 67535 | Zig:19   | Noticed an ancient lich
 67551 | Zig:19   | Killed an ancient lich
 67560 | Zig:19   | Killed an ancient lich
 67631 | Zig:19   | Identified the amulet "Zompegula" {Spirit rPois Str+4
                  | Dex+6} (You found it on level 19 of a ziggurat)
 67636 | Zig:19   | Identified the ring "Rusiudut" {rN+ MR+ EV+2 Int+4} (You
                  | found it on level 19 of a ziggurat)
 67641 | Zig:19   | Identified Sif Muna's Disquisition on Igneous Snow
 67657 | Zig:19   | Identified the ring of Rokaopel {rPois rC++ Str+4} (You
                  | acquired it on level 19 of a ziggurat)
 67670 | Zig:19   | Identified the Tome of Doomed Attacks
 67763 | Depths:4 | Voluntarily entered the Abyss.
 67763 | Abyss:1  | Found a corrupted altar of Lugonu.
 67796 | Abyss:1  | Found a corrupted altar of Lugonu.
 67841 | Abyss:1  | Found an ancient bone altar of Kikubaaqudgha.
 67900 | Abyss:1  | Found an ancient bone altar of Kikubaaqudgha.
 68090 | Abyss:1  | Identified the +7 broad axe "Wiclopu" {antimagic, Dex+4
                  | SInv} (You found it on level 1 of the Abyss)
 68447 | Abyss:1  | Found a runed gate.
 68449 | Abyss:1  | Found a runed gate.
 68450 | Abyss:1  | Found a runed gate.
 68451 | Abyss:1  | Found a runed gate.
 68453 | Abyss:1  | Found a runed gate.
 68456 | Abyss:1  | Found a runed door.
 68460 | Abyss:1  | Found a huge runed gate.
 68469 | Abyss:1  | Found a huge runed gate.
 68576 | Abyss:2  | Found a corrupted altar of Lugonu.
 68748 | Abyss:2  | Found a corrupted altar of Lugonu.
 68754 | Abyss:2  | Found a roughly hewn altar of Beogh.
 69227 | Abyss:3  | Got an abyssal rune of Zot
 69441 | Abyss:3  | Reached skill level 25 in Necromancy
 69471 | Depths:4 | Escaped the Abyss
 69559 | Geh:1    | Entered Level 1 of Gehenna
 71264 | Geh:3    | Found a huge runed gate.
 71264 | Geh:3    | Found a huge runed gate.
 71264 | Geh:3    | Found a huge runed gate.
 71264 | Geh:3    | Found a huge runed gate.
 71268 | Geh:3    | Found a huge runed gate.
 71280 | Geh:3    | Reached skill level 26 in Necromancy
 72315 | Geh:7    | Entered Level 7 of Gehenna
 72367 | Geh:7    | Reached skill level 27 in Necromancy
 72688 | Geh:7    | Reached skill level 15 in Dodging
 72832 | Geh:7    | Got a pair of translucent gloves
 72851 | Geh:7    | Identified the cursed +0 pair of gloves "Xosin" {rF+ Str+6
                  | Dex+3} (You found it on level 7 of Gehenna)
 72871 | Geh:7    | Identified the +7 sceptre of Asmodeus
 72871 | Geh:7    | Noticed Asmodeus
 72941 | Geh:7    | Killed Asmodeus
 72964 | Geh:7    | Got an obsidian rune of Zot
 73327 | Coc:1    | Entered Level 1 of Cocytus
 74103 | Coc:5    | Found a burning altar of Makhleb.
 74215 | Coc:7    | Entered Level 7 of Cocytus
 74442 | Coc:7    | Noticed the Serpent of Hell
 74494 | Coc:7    | Killed the Serpent of Hell
 74773 | Coc:7    | Identified the Volume of the Creative Rocks
 74776 | Coc:7    | Got a clouded copper ring
 74781 | Coc:7    | Identified the ring "Sidehidy" {rC+ MP+9} (You found it on
                  | level 7 of Cocytus)
 75169 | Coc:7    | Noticed Antaeus
 75206 | Coc:7    | Killed Antaeus
 75228 | Coc:7    | Got an icy rune of Zot
 75231 | Coc:7    | Got a pair of dazzling boots
 75242 | Coc:7    | Identified the +2 pair of boots of Tomyapt {rPois Str+3}
                  | (You found it on level 7 of Cocytus)
 75419 | Hell     | Lost mutation: You occasionally shout uncontrollably at
                  | your foes. [potion of mutation]
 75419 | Hell     | Lost mutation: You are very dopey. (Int -4) [potion of
                  | mutation]
 75420 | Hell     | Lost mutation: You have sharp fingernails. [potion of
                  | mutation]
 75420 | Hell     | Lost mutation: You are frail. (-10% HP) [potion of
                  | mutation]
 75421 | Hell     | Lost mutation: You are dopey. (Int -2) [potion of mutation]
 75421 | Hell     | Lost mutation: You are somewhat resistant to further
                  | mutation. [potion of mutation]
 75421 | Hell     | Gained mutation: You have sharp toenails. [potion of
                  | mutation]
 75421 | Hell     | Gained mutation: You are agile. (Dex +2) [potion of
                  | mutation]
 75421 | Hell     | Gained mutation: Your spells are a little harder to cast,
                  | but a little more powerful. [potion of mutation]
 75421 | Hell     | Gained mutation: Your mind is acute. (Int +2) [potion of
                  | mutation]
 75445 | Tar:1    | Entered Level 1 of Tartarus
 76379 | Tar:7    | Entered Level 7 of Tartarus
 76664 | Tar:7    | Noticed Ereshkigal
 76729 | Tar:7    | Killed Ereshkigal
 76772 | Tar:7    | Got a bone rune of Zot
 77030 | Hell     | Learned a level 3 spell: Lesser Beckoning
 77033 | Dis:1    | Entered Level 1 of the Iron City of Dis
 77578 | Dis:7    | Entered Level 7 of the Iron City of Dis
 77977 | Dis:7    | Identified the +4 staff of Dispater
 77977 | Dis:7    | Noticed Dispater
 77994 | Dis:7    | Gained mutation: You are weak. (Str -2) [a cacodemon]
 78010 | Dis:7    | Killed Dispater
 78022 | Dis:7    | Got an iron rune of Zot
 78227 | Pan      | Entered Pandemonium
 78264 | Pan      | Noticed Awkior the pandemonium lord
 78293 | Pan      | Killed Awkior the pandemonium lord
 78334 | Pan      | Entered the realm of Mnoleg.
 78386 | Pan      | Gained mutation: You are frail. (-10% HP) [a cacodemon]
 78387 | Pan      | Gained mutation: You tend to lose your temper in combat. [a
                  | cacodemon]
 78399 | Pan      | Gained mutation: You are very frail. (-20% HP) [a neqoxec]
 78400 | Pan      | Lost mutation: You are agile. (Dex +2) [a neqoxec]
 78415 | Pan      | Gained mutation: Your body sometimes deteriorates upon
                  | taking damage. [a cacodemon]
 78431 | Pan      | Gained mutation: Scrolls take you a little longer to read.
                  | [a neqoxec]
 78434 | Pan      | Gained mutation: Armour fits poorly on your strangely
                  | shaped body. [a neqoxec]
 78453 | Pan      | Noticed Mnoleg
 78507 | Pan      | Killed Mnoleg
 78523 | Pan      | Got a glowing rune of Zot
 78600 | Pan      | Lost mutation: Your mind is acute. (Int +2) [a neqoxec]
 78647 | Pan      | Lost mutation: Scrolls take you a little longer to read.
                  | [potion of mutation]
 78647 | Pan      | Lost mutation: Your body sometimes deteriorates upon taking
                  | damage. [potion of mutation]
 78647 | Pan      | Gained mutation: Your magical capacity is low. (-10% MP)
                  | [potion of mutation]
 78647 | Pan      | Gained mutation: You are partially covered in rugged brown
                  | scales. (AC +1, +3% HP) [potion of mutation]
 78648 | Pan      | Lost mutation: You have sharp toenails. [potion of
                  | mutation]
 78648 | Pan      | Lost mutation: You are weak. (Str -2) [potion of mutation]
 78648 | Pan      | Gained mutation: You have sharp fingernails. [potion of
                  | mutation]
 78649 | Pan      | Lost mutation: You have a somewhat thin skeletal structure.
                  | (Dex +2, Stealth) [potion of mutation]
 78649 | Pan      | Lost mutation: Armour fits poorly on your strangely shaped
                  | body. [potion of mutation]
 78649 | Pan      | Lost mutation: You are very frail. (-20% HP) [potion of
                  | mutation]
 78649 | Pan      | Lost mutation: You are partially covered in rugged brown
                  | scales. (AC +1, +3% HP) [potion of mutation]
 78649 | Pan      | Lost mutation: You tend to lose your temper in combat.
                  | [potion of mutation]
 78649 | Pan      | Gained mutation: You are partially covered in icy blue
                  | scales. (AC +2) [potion of mutation]
 78649 | Pan      | Gained mutation: Your mind is acute. (Int +2) [potion of
                  | mutation]
 78650 | Pan      | Lost mutation: Your magical capacity is low. (-10% MP)
                  | [potion of mutation]
 78650 | Pan      | Lost mutation: Your spells are a little harder to cast, but
                  | a little more powerful. [potion of mutation]
 78650 | Pan      | Lost mutation: You are frail. (-10% HP) [potion of
                  | mutation]
 78680 | Pan      | Noticed a seraph
 78682 | Pan      | Found a glowing golden altar of the Shining One.
 78692 | Pan      | Killed a seraph
 78748 | Pan      | Got a serpentine copper ring
 78750 | Pan      | Got a demonic rune of Zot
 78753 | Pan      | Identified Gijusm's Volume of Companions
 78756 | Pan      | Got a slimy golden ring
 78766 | Pan      | Identified the ring "Isauh" {rF+ rCorr} (You found it in
                  | Pandemonium)
 78768 | Pan      | Identified the ring of Fatigue {+Inv Str+4} (You found it
                  | in Pandemonium)
 78773 | Pan      | Got a brightly glowing bronze ring
 78774 | Pan      | Identified the ring "Hilimp" {rN+ Stlth+} (You found it in
                  | Pandemonium)
 78863 | Depths:3 | Escaped Pandemonium
 78865 | Pan      | Entered Pandemonium
 78955 | Pan      | Found an exit through the horrors of the Abyss.
 78992 | Pan      | Noticed Waos the pandemonium lord
 79022 | Pan      | HP: 11/273 [Tzitzimitl/dispel undead (44)]
 79055 | Pan      | Killed Waos the pandemonium lord
 79091 | Pan      | Noticed Viaq the pandemonium lord
 79131 | Pan      | Killed Viaq the pandemonium lord
 79406 | Pan      | Entered the realm of Gloorx Vloq.
 79495 | Pan      | Noticed Gloorx Vloq
 79533 | Pan      | Killed Gloorx Vloq
 79550 | Pan      | Got a dark rune of Zot
 79771 | Pan      | Noticed Vuboagh the pandemonium lord
 79791 | Pan      | Killed Vuboagh the pandemonium lord
 79814 | Pan      | Found an exit through the horrors of the Abyss.
 79814 | Pan      | Found a transporter.
 79831 | Pan      | Entered the realm of Cerebov.
 79881 | Pan      | Identified the +6 sword of Cerebov {flame}
 79881 | Pan      | Noticed Cerebov
 79933 | Pan      | Killed from afar by Cerebov

Levels and vault maps discovered:
D:1:      wheals_arrival_shading, layout_basic
D:2:      layout_basic, nemelex_dance_club_becter, uniq_sigmund
D:3:      layout_rooms
D:4:      layout_loops_corners, nicolae_qazlal_style_of_elements,
          fiery_altar_vehumet, temple_statues, uniq_crazy_yiuf_cottage
D:5:      layout_layer_cave, grunt_temple_overflow_open, basic_altar,
          first_ration
D:6:      layout_basic, ashenzari_conservatory_becter, bloody_makhleb
D:7:      layout_rooms, xom_shifter_show, minmay_guarded_unrand_finisher
D:8:      layout_gridville, bh_walls_and_bars
D:9:      layout_basic, orc_0_dummy, basic_altar, serial_glass, glass_columns_a,
          glass_columns_c, lemuel_flame_loot_1, uniq_gastronok, uniq_harold
D:10:     layout_layer_cave, due_lair_maze_entry_diamond,
          ebering_ghost_disaster_area, enter_bailey_6
D:11:     minmay_gate_of_8, layout_loops_ring, hangedman_pestilent_swarm,
          kennysheep_generic_room_12
D:12:     layout_gridville, serial_shops, shop
D:13:     layout_layer_cave, ximxim_vaults_locker_room, serial_shops,
          nicolae_shop_window_shopping, lemuel_nasty_fountain, uniq_frances,
          uniq_maurice
D:14:     layout_stronghold, minivault_26, enter_trove_1, uniq_nessos,
          uniq_roxanne, uniq_snorg
D:15:     grunt_enter_depths_hoard, layout_basic, nicolae_benzene_ring
Temple:   regret_index_temple_generic_petals
Lair:1:   layout_roguey, ldierk_geyser, dpeg_stationary_puzzle
Lair:2:   layout_cave_shapes, spider_nest_entry_a, lemuel_fruit_fields,
          grunt_megastairs_2, infiniplex_staircase_pool_2
Lair:3:   layout_misc_corridors, minmay_swamp_entry_reptiles, nzn_random_ring,
          grunt_megastairs_1, serial_bayou_shore_a
Lair:4:   layout_cave_pods
Lair:5:   layout_cave_pods, minmay_shattered_shrine
Lair:6:   hangedman_lair_tendril_chambers, layout_gridlike,
          dpeg_slime_entry_enclosed_altar
Swamp:1:  layout_falls_marsh, serial_swamp_ruin, evilmike_swamp_ruin_rubble_2,
          evilmike_swamp_ruin_house_1, evilmike_swamp_ruin_house_5,
          uniq_jorgrun, uniq_nikola
Swamp:2:  layout_falls_marsh, basic_altar, swamp_pool5, hangedman_swamp_cone,
          cheibrodos_swamp_pet_leeches
Swamp:3:  layout_basic_swamp, evilmike_swamp_ruin_house_4, swamp_pool5
Swamp:4:  swamp, layout_basic_swamp, swamp_pool1
Spider:1: layout_spider_delve, portal_ice_cave_entry_pillars_four, drop_trap,
          uniq_kirke
Spider:2: layout_spider_delve, ebering_ghost_disaster_area
Spider:3: layout_spider_delve, nicolae_orb_stairs, uniq_aizul
Spider:4: floodkiller_spider_rune_tomb
Slime:1:  layout_caves
Slime:2:  nicolae_slime_jelly_donut, layout_caves
Slime:3:  layout_caves
Slime:4:  layout_caves
Slime:5
Orc:1:    layout_diamond_mine, basic_altar, lemuel_statue_altar
Orc:2:    st_orc_town, layout_diamond_mine, serial_shops, bzr_entry_dummy
Elf:1:    minmay_elf_arrival_circle, layout_geoelf_diagonals, serial_shops,
          shop_fountains, hangedman_elf_represent
Elf:2:    layout_geoelf_diagonals, serial_shops, shop, shop, shop,
          eino_tiny_chamber
Elf:3:    elf_hall_gauntlet_wide, layout_loops_ring, basic_altar, serial_shops,
          shop
Vaults:1: vaults_room_door_hall, nicolae_vaults_display_case,
          vaults_room_door_ring, hangedman_vaults_maws,
          nicolae_vaults_network_barrier, grunt_vaults_funnel, vaults_mumra_hex,
          nicolae_vaults_little_squares_2, grunt_vaults_bifocal,
          vaults_room_grunt_arrival_checkpoint, ontoclasm_vaults_tryst,
          nicolae_vaults_diagonal_hallway_9, layout_vaults_omnicross,
          serial_shops, nicolae_shop_behind_doors
Vaults:2: vaults_dpeg_encased_lava, grunt_vaults_focal, v_rooms_5,
          vaults_mumra_minichess_inversion, nicolae_vaults_rhombus_6,
          minmay_crypt_entry_necro_gods, vaults_dpeg_spiral, st_lattice,
          nicolae_vaults_specimen_jars, ontoclasm_vaults_eye, v_pattern_2,
          nicolae_vaults_circle_grid_a, hangedman_vaults_corner_blocks,
          nicolae_vaults_circle_grid_a, nicolae_vaults_network_periphery,
          v_rooms_2, layout_vaults_maze_bifur
Vaults:3: hangedman_vaults_pinch, nicolae_vaults_quadrants,
          ontoclasm_vaults_misaligned, nicolae_vaults_little_squares_4,
          nicolae_vaults_shelves_hall, ontoclasm_vaults_loading_screen,
          nicolae_vaults_rhombus_6, layout_vaults_chaotic_city
Vaults:4: vaults_room_pool, vaults_room_corners, nicolae_vaults_shelves_hall,
          vaults_room_pool, nicolae_vaults_big_ls, v_misc_25,
          nicolae_vaults_little_squares_3, ontoclasm_vaults_fault,
          nicolae_vaults_rhombus_6, layout_vaults_quadrants, serial_shops, shop
Vaults:5: serial_shops
Crypt:1:  layout_chaotic_city
Crypt:2:  gammafunk_sealed_arena, layout_misc_corridors
Crypt:3:  due_elkab, layout_chaotic_city, uniq_mara
Depths:1: layout_cave_shapes, lightli_too_deep, roderic_lattice_octagonal_star,
          serial_bayou_pond_d, hangedman_decor_growths, minmay_misc_feat_rows,
          hex_large, minmay_strange_pillars, nicolae_lava_and_water, tso_altar
Depths:2: hourglass_vault, layout_honeycomb, hell_entry, rand_demon_pan_entry_3,
          serial_bayou_pond_e, nicolae_alphabet_shops,
          infiniplex_staircase_star, minmay_shop_grove, uniq_asterion,
          uniq_enchantress
Depths:3: minmay_the_grid_triangle_9x9_rhombus_thin_mashed
          [minmay_the_grid_triangle_9x9_windchime,
          minmay_the_grid_triangle_9x9_prize_insulated,
          minmay_the_grid_triangle_9x9_flanged_cone,
          minmay_the_grid_triangle_9x9_checkered], layout_cave_pools,
          enter_ziggurat_f, hell_entry, grunt_decor_resistance, pan_entry,
          st_stairs_13, minmay_misc_feat_pillars
Depths:4: abrahamwl_protected_by_tso_1, layout_basic, abyss_entry,
          pf_dread_powers_of_hell, kennysheep_decorative_pillar
Depths:5: hangedman_spin_cycle, hell_entry, uniq_xtahua
Hell
Dis:1:    lightli_tower_of_babel, layout_regular_city
Dis:2:    layout_jigsaw
Dis:3:    layout_regular_city
Dis:4:    layout_jigsaw
Dis:5:    layout_subdivisions, evilmike_ambush [evilmike_ambush_outer_basic,
          evilmike_ambush_inner_basic]
Dis:6:    hangedman_iron_city_apartments, layout_subdivisions,
          hangedman_player_shredder
Dis:7:    iron_city_of_dis [dis_grunt, dis_wall_2], layout_chaotic_city
Geh:1:    layout_gehenna_pools_basic
Geh:2:    layout_gehenna_pools_box, hangedman_elemental_corridor
Geh:3:    layout_gehenna_pools_triple, door_vault
Geh:4:    layout_gehenna_pools_box
Geh:5:    layout_gehenna_pools_box
Geh:6:    layout_gehenna_pools_box, hangedman_hellfire_club
Geh:7:    geh_old
Coc:1:    layout_ice_bergs
Coc:2:    layout_ice_bergs
Coc:3:    layout_cocytus_water_paths
Coc:4:    layout_ice_bergs, lemuel_elevator
Coc:5:    layout_ice_bergs, hangedman_feature_mirror
Coc:6:    layout_ice_bergs
Coc:7:    coc_grunt
Tar:1:    layout_honeycomb
Tar:2:    layout_grid_maze, nicolae_tar_cuneiform_water
Tar:3:    layout_grid_maze
Tar:4:    layout_honeycomb
Tar:5:    layout_honeycomb, nicolae_tar_cuneiform_not
Tar:6:    layout_grid_maze, nicolae_tar_cuneiform_oil
Tar:7:    tar_mu [tar_mu_maze]
Zot:1:    regret_index_qazlal_generations, layout_twisted_circle,
          skrybe_zot_glass_3
Zot:2:    layout_misc_corridors, st_small_dragon_hoard_1,
          hangedman_zot_wheel_spokes, grunt_megastairs_4
Zot:3:    layout_onion_interference, bh_zot_ikea_curve
Zot:4:    layout_basic, bh_zot_lava_cross, drop_trap
Zot:5:    layout_misc_corridors
Pan:      evilmike_mini_pan_branches, layout_irregular_city, uniq_mennas_pan,
          reaverb_pan_squares, mnoleg, layout_long_grid, evilmike_holy_pan,
          rand_demon_8, layout_gridville, nicolae_pan_mnolegish_4, rand_demon_2,
          layout_rooms, evilmike_mini_pan_doors, layout_small_grid,
          rand_demon_4, layout_rooms, evilmike_mini_pan_pillars_b,
          layout_irregular_city, gloorx_vloq_grunt_torture_chamber,
          layout_irregular_city, pan_blood_fountain_small,
          nicolae_pan_giant_door, layout_irregular_city,
          nicolae_pan_strange_glyphs [nicolae_pan_strange_glyph_schadenfreude,
          nicolae_pan_strange_glyph_humiliation,
          nicolae_pan_strange_glyph_regret], nicolae_pan_sigil_nadil,
          nicolae_pan_glass_arcs, layout_pan_divisions_a
          [pan_division_quadrant_a4, pan_division_quadrant_a5,
          pan_division_quadrant_a1, pan_division_quadrant_a3,
          pan_division_octagon_empty], pan_blood_fountain_small,
          nicolae_pan_gloorx_vloqian_1, gammafunk_dig_for_victory, layout_basic,
          uniq_mennas_pan, cerebov, layout_rooms, pan_blood_fountain

Skill      XL: |  1  2  3  4  5  6  7  8  9 10 11 12 13 14 15 16 17 18 19 20 21 22 23 24 25 26 27 |
---------------+----------------------------------------------------------------------------------+-----
Armour         | 1 2 3 5 8 9 11 12 15 17 25 | 25.1
Fighting       | 3 4 5 8 10 11 13 14 15 16 18 21 | 21.0
Axes           | 4 5 6 10 13 16 18 26 | 26.7
Shields        | 1 3 5 11 12 13 15 16 17 18 19 20 25 | 25.0
Invocations    | 5 9 11 13 14 | 14.9
Long Blades    | 6 8 9 |  9.3
Necromancy     | 3 8 11 13 14 16 17 27 | 27.0
Transmutations | 5 6 7 9 11 12 14 16 25 | 25.3
Evocations     | 5 7 |  7.3
Spellcasting   | 3 6 9 10 12 14 16 | 16.0
Dodging        | 5 9 11 13 14 24 | 24.9
Stealth        | |  2.4

Action                   |  1- 3 |  4- 6 |  7- 9 | 10-12 | 13-15 | 16-18 | 19-21 | 22-24 | 25-27 || total
-------------------------+-------+-------+-------+-------+-------+-------+-------+-------+-------++-------
Melee: Hand axe          |    87 |   319 |       |       |       |       |       |       |       ||   406
       Quarterstaff      |       |       |   325 |   833 |   862 |       |       |       |       ||  2020
       Demon blade       |       |       |       |       |  2219 |  2796 |       |       |       ||  5015
       Scimitar          |       |       |       |       |       |   112 |       |       |       ||   112
       Broad axe         |       |       |       |       |       |   117 |  1991 |  2469 |  8484 || 13061
Throw: Javelin           |       |       |     6 |     7 |     1 |       |       |       |       ||    14
 Cast: Necromutation     |       |       |       |       |       |       |       |       |    52 ||    52
       Death Channel     |       |       |       |       |       |       |       |       |     6 ||     6
Invok: Greater Servant o |       |       |       |       |     2 |    11 |     5 |     2 |    43 ||    63
       Lesser Servant of |       |       |       |       |     1 |       |       |       |       ||     1
 Abil: Heal Wounds       |       |     9 |     4 |    11 |    20 |    15 |     6 |     7 |    50 ||   122
Evoke: Wand              |       |       |     4 |    20 |    48 |     2 |     2 |     2 |     7 ||    85
       Lamp of fire      |       |       |       |       |       |       |       |     1 |       ||     1
       Phial of floods   |       |       |       |       |       |       |       |       |     1 ||     1
  Use: Potion            |     2 |     5 |     4 |     2 |     8 |    20 |    10 |     7 |    48 ||   106
       Scroll            |       |       |    13 |    10 |    19 |    14 |     8 |    20 |    51 ||   135
 Stab: Sleeping          |     1 |       |       |       |       |       |       |       |       ||     1
       Paralysed         |       |       |     3 |     5 |     5 |       |       |       |     2 ||    15
       Petrifying        |       |       |       |     2 |     1 |       |       |       |     1 ||     4
       Confused          |       |       |       |     6 |     2 |     2 |     3 |       |     1 ||    14
       Petrified         |       |       |       |       |     1 |       |       |       |       ||     1
       Invisible         |       |       |       |       |       |     6 |       |       |       ||     6
       Distracted        |       |       |       |       |       |     1 |     2 |     3 |    20 ||    26
  Eat: Chunk             |       |     9 |     9 |    20 |    43 |    24 |    27 |    30 |    38 ||   200
       Ration            |       |       |     1 |       |     4 |     5 |     1 |     2 |    15 ||    28
Armor: Ring mail         |    17 |       |       |       |       |       |       |       |       ||    17
       Plate armour      |    36 |   123 |       |       |       |       |       |       |       ||   159
       Skin              |       |     5 |       |       |       |       |       |       |       ||     5
       Crystal plate arm |       |    83 |   411 |  1122 |  2509 |  2850 |  1229 |   741 |  3298 || 12243
Dodge: Dodged            |    57 |    69 |   110 |   455 |   870 |   665 |   280 |   320 |  2629 ||  5455
Block: Large shield      |       |       |       |       |  2510 |  4848 |  2601 |  2254 | 12396 || 24609
       Reflection        |       |       |       |       |       |    34 |   156 |   138 |   322 ||   650
       Buckler           |       |       |       |       |       |       |       |       |    29 ||    29
       Rpst.: Demon blade |       |       |       |       |    77 |   137 |       |       |       ||   214
       Scimitar          |       |       |       |       |       |     6 |       |       |       ||     6
